Workbook
Name AnnualChurnPrem: Bottom_Up_Calculations!$B$11
Name AnnualChurnPro: Bottom_Up_Calculations!$B$9
Name COGSMethod: Operations!$G$455:$G$456
Name CompanyName: Operations!$D$16
Name Lead_to_Free: Bottom_Up_Calculations!$B$6
Name Lead_to_Prem: Bottom_Up_Calculations!$B$8
Name Lead_to_Pro: Bottom_Up_Calculations!$B$7
Name Leads_Start: Bottom_Up_Calculations!$B$4
Name MoM_Growth: Bottom_Up_Calculations!$B$5
Name Retention_Prem: Bottom_Up_Calculations!$B$12
Name Retention_Pro: Bottom_Up_Calculations!$B$10
Name StartDate: Operations!$D$17
Name SubHeader: Operations!$D$18

Sheet Operations
A1: Q.1. & Q.3. Introduction
C2: Introduction The model is designed to auto-populate based on the information you provide
C3: Some cells are required and others are optional
C4: Use the colour guide to determine which inputs are needed
C5: To improve navigation and data comparison, this workbook has been consolidated from multiple tabs into four primary sheets (Operations>Statements>Valuation>Cap Table). This layout eliminates the need to hunt through hidden or overflowing tabs, allowing you to view and compare different operational statements side-by-side more efficiently.
C6: Key | D6: Example | E6: Meaning
C7: Green Fill | E7: Required numerical inputs
C9: Yellow Fill | E9: Optional numerical or text inputs
C11: No Fill | E11: The user should not enter any information in empty cells. All data in cells with no colour fill will be calculated automatically for the user
C13: To simplify your analysis, use the grouping function on the left to hide unnecessary sections. By collapsing specific data sets, you can bring any two areas together for a clean, side-by-side comparison on a single screen. Navigation guide: 1. To expand a specific section: Click the [+] icon in the left-hand (or on the top) margin. For example, to view the Top-Down model, click the [+] next to Row 68 (left). 2. To view all data: Click the [2] button in the top-left corner of the sheet to expand every section simultaneously. 3. To compare specific data: Click the [-] icon to hide sections you don't need, allowing you to align and compare distant rows easily.
A16: Company Information | C16: Company Name: | D16: Sustainsphere
C17: Start Date: | D17: 46023
C18: Currency, Units: | D18: EUR
A19: Revenues | B19: Top-Down
C21: Top-Down Revenue Projection | S21: =CompanyName &" Revenue Forecast" -> Sustainsphere Revenue Forecast
C22: ="Revenues ("&SubHeader&")" -> Revenues (EUR)
S23: First two years - Quarterly
C24: Market Size and Sales Assumptions
D25: Europe | E25: Notes on assumptions | H25: USA & Canada | I25: Notes on assumptions | L25: Market 3 | M25: Notes on assumptions
C26: Year of Market Sizing | D26: 2025 | H26: 2025
C27: Overall market size | D27: 120000000 | E27: Approx. 12% - Global CSR software market ≈ USD 1.0 billion (≈ 2024–2025) | H27: 380000000 | I27: Approx. 38% - Global CSR software market ≈ USD 1.0 billion (≈ 2024–2025)
C28: Target segment share | D28: 0.035 | E28: SOM | H28: 0.035
C29: Target market size | D29: =D27*D28 -> 4200000 | H29: =H27*H28 -> 13300000
C30: Market Growth Rate | D30: 0.12 | E30: Gaining market share would take time | H30: 0.12 | I30: Gaining market share would take time
C33: Market Size (prior to margin for retailers & distributors)
D34: Market Size (years 1 and 2) | M34: Market Size (years 3 to 6)
D35: Year 1 | H35: Year 2 | M35: Year 3 | N35: Year 4 | O35: Year 5 | P35: Year 6
D36: =StartDate -> 46023 | E36: =EDATE(D36,3) -> 46113 | F36: =EDATE(E36,3) -> 46204 | G36: =EDATE(F36,3) -> 46296 | H36: =EDATE(G36,3) -> 46388 | I36: =EDATE(H36,3) -> 46478 | J36: =EDATE(I36,3) -> 46569 | K36: =EDATE(J36,3) -> 46661 | M36: =EDATE(K36,3) -> 46753 | N36: =EDATE(M36,12) -> 47119 | O36: =EDATE(N36,12) -> 47484 | P36: =EDATE(O36,12) -> 47849
C37: =$D$25 -> Europe | D37: =$D$29*((1+$D$30)^(YEAR(D61)-$D$26))/4 -> 1176000 | E37: =$D$29*((1+$D$30)^(YEAR(E61)-$D$26))/4 -> 1176000 | F37: =$D$29*((1+$D$30)^(YEAR(F61)-$D$26))/4 -> 1176000 | G37: =$D$29*((1+$D$30)^(YEAR(G61)-$D$26))/4 -> 1176000 | H37: =$D$29*((1+$D$30)^(YEAR(H61)-$D$26))/4 -> 1317120 | I37: =$D$29*((1+$D$30)^(YEAR(I61)-$D$26))/4 -> 1317120 | J37: =$D$29*((1+$D$30)^(YEAR(J61)-$D$26))/4 -> 1317120 | K37: =$D$29*((1+$D$30)^(YEAR(K61)-$D$26))/4 -> 1317120 | M37: =$D$29*((1+$D$30)^(YEAR(M61)-$D$26)) -> 5900697.6 | N37: =$D$29*((1+$D$30)^(YEAR(N61)-$D$26)) -> 6608781.3 | O37: =$D$29*((1+$D$30)^(YEAR(O61)-$D$26)) -> 7401835.1 | P37: =$D$29*((1+$D$30)^(YEAR(P61)-$D$26)) -> 8290055.3
C38: =$H$25 -> USA & Canada | D38: =$H$29*((1+$H$30)^(YEAR(D61)-$H$26))/4 -> 3724000 | E38: =$H$29*((1+$H$30)^(YEAR(E61)-$H$26))/4 -> 3724000 | F38: =$H$29*((1+$H$30)^(YEAR(F61)-$H$26))/4 -> 3724000 | G38: =$H$29*((1+$H$30)^(YEAR(G61)-$H$26))/4 -> 3724000 | H38: =$H$29*((1+$H$30)^(YEAR(H61)-$H$26))/4 -> 4170880 | I38: =$H$29*((1+$H$30)^(YEAR(I61)-$H$26))/4 -> 4170880 | J38: =$H$29*((1+$H$30)^(YEAR(J61)-$H$26))/4 -> 4170880 | K38: =$H$29*((1+$H$30)^(YEAR(K61)-$H$26))/4 -> 4170880 | M38: =$H$29*((1+$H$30)^(YEAR(M61)-$H$26)) -> 18685542 | N38: =$H$29*((1+$H$30)^(YEAR(N61)-$H$26)) -> 20927807 | O38: =$H$29*((1+$H$30)^(YEAR(O61)-$H$26)) -> 23439144 | P38: =$H$29*((1+$H$30)^(YEAR(P61)-$H$26)) -> 26251842
C39: =$L$25 -> Market 3 | D39: =$L$29*((1+$L$30)^(YEAR(D61)-$L$26))/4 -> 0 | E39: =$L$29*((1+$L$30)^(YEAR(E61)-$L$26))/4 -> 0 | F39: =$L$29*((1+$L$30)^(YEAR(F61)-$L$26))/4 -> 0 | G39: =$L$29*((1+$L$30)^(YEAR(G61)-$L$26))/4 -> 0 | H39: =$L$29*((1+$L$30)^(YEAR(H61)-$L$26))/4 -> 0 | I39: =$L$29*((1+$L$30)^(YEAR(I61)-$L$26))/4 -> 0 | J39: =$L$29*((1+$L$30)^(YEAR(J61)-$L$26))/4 -> 0 | K39: =$L$29*((1+$L$30)^(YEAR(K61)-$L$26))/4 -> 0 | M39: =$L$29*((1+$L$30)^(YEAR(M61)-$L$26)) -> 0 | N39: =$L$29*((1+$L$30)^(YEAR(N61)-$L$26)) -> 0 | O39: =$L$29*((1+$L$30)^(YEAR(O61)-$L$26)) -> 0 | P39: =$L$29*((1+$L$30)^(YEAR(P61)-$L$26)) -> 0
S40: Full Forecast - Annual (6 years)
C41: Assumption: Third Party Margins
D42: Third Party Margins (years 1 and 2) | M42: Third Party Margins (years 3 to 6) | T42: Annual Projections
D43: Year 1 | H43: Year 2 | M43: Year 3 | N43: Year 4 | O43: Year 5 | P43: Year 6 | T43: Year 1 | U43: Year 2 | V43: Year 3 | W43: Year 4 | X43: Year 5 | Y43: Year 6
D44: =StartDate -> 46023 | E44: =EDATE(D44,3) -> 46113 | F44: =EDATE(E44,3) -> 46204 | G44: =EDATE(F44,3) -> 46296 | H44: =EDATE(G44,3) -> 46388 | I44: =EDATE(H44,3) -> 46478 | J44: =EDATE(I44,3) -> 46569 | K44: =EDATE(J44,3) -> 46661 | M44: =EDATE(K44,3) -> 46753 | N44: =EDATE(M44,12) -> 47119 | O44: =EDATE(N44,12) -> 47484 | P44: =EDATE(O44,12) -> 47849 | T44: =D61 -> 46023 | U44: =H61 -> 46388 | V44: =M61 -> 46753 | W44: =EDATE(V44,12) -> 47119 | X44: =EDATE(W44,12) -> 47484 | Y44: =EDATE(X44,12) -> 47849
C45: =$D$25 -> Europe | H45: 0 | I45: 0 | J45: 0 | K45: 0 | M45: 0 | N45: 0 | O45: 0 | P45: 0 | S45: =C62 -> Europe | T45: =SUM(D62:G62) -> 0 | U45: =SUM(H62:K62) -> 158054.4 | V45: =M62 -> 295034.88 | W45: =N62 -> 660878.13 | X45: =O62 -> 888220.21 | Y45: =P62 -> 1243508.3
C46: =$H$25 -> USA & Canada | M46: 0 | N46: 0 | O46: 0 | P46: 0 | S46: =C63 -> USA & Canada | T46: =SUM(D63:G63) -> 0 | U46: =SUM(H63:K63) -> 0 | V46: =M63 -> 0 | W46: =N63 -> 418556.15 | X46: =O63 -> 1171957.2 | Y46: =P63 -> 1837628.9
C47: =$L$25 -> Market 3 | S47: =C64 -> Market 3 | T47: =SUM(D64:G64) -> 0 | U47: =SUM(H64:K64) -> 0 | V47: =M64 -> 0 | W47: =N64 -> 0 | X47: =O64 -> 0 | Y47: =P64 -> 0
T48: =SUM(T45:T47) -> 0 | U48: =SUM(U45:U47) -> 158054.4 | V48: =SUM(V45:V47) -> 295034.88 | W48: =SUM(W45:W47) -> 1079434.3 | X48: =SUM(X45:X47) -> 2060177.4 | Y48: =SUM(Y45:Y47) -> 3081137.2
C49: Assumption: Market Penetration by period
D50: Market penetration (years 1 and 2) | M50: Market Penetration (years 3 to 6)
D51: Year 1 | H51: Year 2 | M51: Year 3 | N51: Year 4 | O51: Year 5 | P51: Year 6
D52: =StartDate -> 46023 | E52: =EDATE(D52,3) -> 46113 | F52: =EDATE(E52,3) -> 46204 | G52: =EDATE(F52,3) -> 46296 | H52: =EDATE(G52,3) -> 46388 | I52: =EDATE(H52,3) -> 46478 | J52: =EDATE(I52,3) -> 46569 | K52: =EDATE(J52,3) -> 46661 | M52: =EDATE(K52,3) -> 46753 | N52: =EDATE(M52,12) -> 47119 | O52: =EDATE(N52,12) -> 47484 | P52: =EDATE(O52,12) -> 47849
C53: =$D$25 -> Europe | H53: 0.03 | I53: 0.03 | J53: 0.03 | K53: 0.03 | M53: 0.05 | N53: 0.1 | O53: 0.12 | P53: 0.15
C54: =$H$25 -> USA & Canada | M54: 0 | N54: 0.02 | O54: 0.05 | P54: 0.07
C55: =$L$25 -> Market 3
C58: Top-Down Revenue Projection
D59: Quarterly Projections (years 1 and 2) | M59: Annual Projections (years 3 to 6)
D60: Year 1 | H60: Year 2 | M60: Year 3 | N60: Year 4 | O60: Year 5 | P60: Year 6
D61: =StartDate -> 46023 | E61: =EDATE(D61,3) -> 46113 | F61: =EDATE(E61,3) -> 46204 | G61: =EDATE(F61,3) -> 46296 | H61: =EDATE(G61,3) -> 46388 | I61: =EDATE(H61,3) -> 46478 | J61: =EDATE(I61,3) -> 46569 | K61: =EDATE(J61,3) -> 46661 | M61: =EDATE(K61,3) -> 46753 | N61: =EDATE(M61,12) -> 47119 | O61: =EDATE(N61,12) -> 47484 | P61: =EDATE(O61,12) -> 47849
C62: =$D$25 -> Europe | D62: =D37*(1-D45)*D53 -> 0 | E62: =E37*(1-E45)*E53 -> 0 | F62: =F37*(1-F45)*F53 -> 0 | G62: =G37*(1-G45)*G53 -> 0 | H62: =H37*(1-H45)*H53 -> 39513.6 | I62: =I37*(1-I45)*I53 -> 39513.6 | J62: =J37*(1-J45)*J53 -> 39513.6 | K62: =K37*(1-K45)*K53 -> 39513.6 | M62: =M37*(1-M45)*M53 -> 295034.88 | N62: =N37*(1-N45)*N53 -> 660878.13 | O62: =O37*(1-O45)*O53 -> 888220.21 | P62: =P37*(1-P45)*P53 -> 1243508.3
C63: =$H$25 -> USA & Canada | D63: =D38*(1-D46)*D54 -> 0 | E63: =E38*(1-E46)*E54 -> 0 | F63: =F38*(1-F46)*F54 -> 0 | G63: =G38*(1-G46)*G54 -> 0 | H63: =H38*(1-H46)*H54 -> 0 | I63: =I38*(1-I46)*I54 -> 0 | J63: =J38*(1-J46)*J54 -> 0 | K63: =K38*(1-K46)*K54 -> 0 | M63: =M38*(1-M46)*M54 -> 0 | N63: =N38*(1-N46)*N54 -> 418556.15 | O63: =O38*(1-O46)*O54 -> 1171957.2 | P63: =P38*(1-P46)*P54 -> 1837628.9
C64: =$L$25 -> Market 3 | D64: =D39*(1-D47)*D55 -> 0 | E64: =E39*(1-E47)*E55 -> 0 | F64: =F39*(1-F47)*F55 -> 0 | G64: =G39*(1-G47)*G55 -> 0 | H64: =H39*(1-H47)*H55 -> 0 | I64: =I39*(1-I47)*I55 -> 0 | J64: =J39*(1-J47)*J55 -> 0 | K64: =K39*(1-K47)*K55 -> 0 | M64: =M39*(1-M47)*M55 -> 0 | N64: =N39*(1-N47)*N55 -> 0 | O64: =O39*(1-O47)*O55 -> 0 | P64: =P39*(1-P47)*P55 -> 0
C65: Total | D65: =SUM(D62:D64) -> 0 | E65: =SUM(E62:E64) -> 0 | F65: =SUM(F62:F64) -> 0 | G65: =SUM(G62:G64) -> 0 | H65: =SUM(H62:H64) -> 39513.6 | I65: =SUM(I62:I64) -> 39513.6 | J65: =SUM(J62:J64) -> 39513.6 | K65: =SUM(K62:K64) -> 39513.6 | M65: =SUM(M62:M64) -> 295034.88 | N65: =SUM(N62:N64) -> 1079434.3 | O65: =SUM(O62:O64) -> 2060177.4 | P65: =SUM(P62:P64) -> 3081137.2
B68: Bottom-Up
C69: Bottom-Up Revenue Projection | S69: =CompanyName &" Revenue Forecast" -> Sustainsphere Revenue Forecast
C70: ="Revenues ("&SubHeader&")" -> Revenues (EUR)
S71: First two years - Quarterly
C72: Product Information
D73: Free Tier | E73: Notes on assumptions | H73: Professional | I73: Notes on assumptions | L73: Premium | M73: Notes on assumptions
C74: List price (net of tax) | D74: 0 | H74: 1599 | L74: 2499
C75: Third party margin | D75: 0 | H75: 0 | L75: 0
C76: Rate of returns | D76: 0 | H76: 0.05 | L76: 0.05
C77: Net price | D77: =D74*(1-D75)*(1-D76) -> 0 | H77: =H74*(1-H75)*(1-H76) -> 1519.05 | L77: =L74*(1-L75)*(1-L76) -> 2374.05
C79: Sales Projections (As per the Sales funnel in Bottom_Up_Calculation sheet)
D80: Quarterly Units sold (years 1 and 2) | M80: Annual Units sold (years 3 to 6)
D81: Year 1 | H81: Year 2 | M81: Year 3 | N81: Year 4 | O81: Year 5 | P81: Year 6
D82: =StartDate -> 46023 | E82: =EDATE(D82,3) -> 46113 | F82: =EDATE(E82,3) -> 46204 | G82: =EDATE(F82,3) -> 46296 | H82: =EDATE(G82,3) -> 46388 | I82: =EDATE(H82,3) -> 46478 | J82: =EDATE(I82,3) -> 46569 | K82: =EDATE(J82,3) -> 46661 | M82: =EDATE(K82,3) -> 46753 | N82: =EDATE(M82,12) -> 47119 | O82: =EDATE(N82,12) -> 47484 | P82: =EDATE(O82,12) -> 47849
C83: =$D$73 -> Free Tier | H83: =SUMIFS(Bottom_Up_Calculations!$C:$C, Bottom_Up_Calculations!$A:$A, ">="&H$82, Bottom_Up_Calculations!$A:$A, "<"&EDATE(H$82,3)) -> 94.575 | I83: =SUMIFS(Bottom_Up_Calculations!$C:$C, Bottom_Up_Calculations!$A:$A, ">="&I$82, Bottom_Up_Calculations!$A:$A, "<"&EDATE(I$82,3)) -> 109.48238 | J83: =SUMIFS(Bottom_Up_Calculations!$C:$C, Bottom_Up_Calculations!$A:$A, ">="&J$82, Bottom_Up_Calculations!$A:$A, "<"&EDATE(J$82,3)) -> 126.73955 | K83: =SUMIFS(Bottom_Up_Calculations!$C:$C, Bottom_Up_Calculations!$A:$A, ">="&K$82, Bottom_Up_Calculations!$A:$A, "<"&EDATE(K$82,3)) -> 146.71687 | M83: =SUMIFS(Bottom_Up_Calculations!$C:$C, Bottom_Up_Calculations!$A:$A, ">="&M$82, Bottom_Up_Calculations!$A:$A, "<"&EDATE(M$82,12)) -> 857.54617 | N83: =SUMIFS(Bottom_Up_Calculations!$C:$C, Bottom_Up_Calculations!$A:$A, ">="&N$82, Bottom_Up_Calculations!$A:$A, "<"&EDATE(N$82,12)) -> 1540.0297 | O83: =SUMIFS(Bottom_Up_Calculations!$C:$C, Bottom_Up_Calculations!$A:$A, ">="&O$82, Bottom_Up_Calculations!$A:$A, "<"&EDATE(O$82,12)) -> 2765.6721 | P83: =SUMIFS(Bottom_Up_Calculations!$C:$C, Bottom_Up_Calculations!$A:$A, ">="&P$82, Bottom_Up_Calculations!$A:$A, "<"&EDATE(P$82,12)) -> 4966.7497
C84: =$H$73 -> Professional | H84: =SUMIFS(Bottom_Up_Calculations!$H:$H, Bottom_Up_Calculations!$A:$A, ">="&H$82, Bottom_Up_Calculations!$A:$A, "<"&EDATE(H$82,3)) -> 18.915 | I84: =SUMIFS(Bottom_Up_Calculations!$H:$H, Bottom_Up_Calculations!$A:$A, ">="&I$82, Bottom_Up_Calculations!$A:$A, "<"&EDATE(I$82,3)) -> 21.896477 | J84: =SUMIFS(Bottom_Up_Calculations!$H:$H, Bottom_Up_Calculations!$A:$A, ">="&J$82, Bottom_Up_Calculations!$A:$A, "<"&EDATE(J$82,3)) -> 25.347909 | K84: =SUMIFS(Bottom_Up_Calculations!$H:$H, Bottom_Up_Calculations!$A:$A, ">="&K$82, Bottom_Up_Calculations!$A:$A, "<"&EDATE(K$82,3)) -> 29.343373 | M84: =SUMIFS(Bottom_Up_Calculations!$H:$H, Bottom_Up_Calculations!$A:$A, ">="&M$82, Bottom_Up_Calculations!$A:$A, "<"&EDATE(M$82,12)) -> 249.8215 | N84: =SUMIFS(Bottom_Up_Calculations!$H:$H, Bottom_Up_Calculations!$A:$A, ">="&N$82, Bottom_Up_Calculations!$A:$A, "<"&EDATE(N$82,12)) -> 448.64352 | O84: =SUMIFS(Bottom_Up_Calculations!$H:$H, Bottom_Up_Calculations!$A:$A, ">="&O$82, Bottom_Up_Calculations!$A:$A, "<"&EDATE(O$82,12)) -> 805.69929 | P84: =SUMIFS(Bottom_Up_Calculations!$H:$H, Bottom_Up_Calculations!$A:$A, ">="&P$82, Bottom_Up_Calculations!$A:$A, "<"&EDATE(P$82,12)) -> 1446.9202
C85: =$L$73 -> Premium | H85: =SUMIFS(Bottom_Up_Calculations!$I:$I, Bottom_Up_Calculations!$A:$A, ">="&H$82, Bottom_Up_Calculations!$A:$A, "<"&EDATE(H$82,3)) -> 6.305 | I85: =SUMIFS(Bottom_Up_Calculations!$I:$I, Bottom_Up_Calculations!$A:$A, ">="&I$82, Bottom_Up_Calculations!$A:$A, "<"&EDATE(I$82,3)) -> 7.2988256 | J85: =SUMIFS(Bottom_Up_Calculations!$I:$I, Bottom_Up_Calculations!$A:$A, ">="&J$82, Bottom_Up_Calculations!$A:$A, "<"&EDATE(J$82,3)) -> 8.449303 | K85: =SUMIFS(Bottom_Up_Calculations!$I:$I, Bottom_Up_Calculations!$A:$A, ">="&K$82, Bottom_Up_Calculations!$A:$A, "<"&EDATE(K$82,3)) -> 9.7811244 | M85: =SUMIFS(Bottom_Up_Calculations!$I:$I, Bottom_Up_Calculations!$A:$A, ">="&M$82, Bottom_Up_Calculations!$A:$A, "<"&EDATE(M$82,12)) -> 85.183887 | N85: =SUMIFS(Bottom_Up_Calculations!$I:$I, Bottom_Up_Calculations!$A:$A, ">="&N$82, Bottom_Up_Calculations!$A:$A, "<"&EDATE(N$82,12)) -> 152.97802 | O85: =SUMIFS(Bottom_Up_Calculations!$I:$I, Bottom_Up_Calculations!$A:$A, ">="&O$82, Bottom_Up_Calculations!$A:$A, "<"&EDATE(O$82,12)) -> 274.72655 | P85: =SUMIFS(Bottom_Up_Calculations!$I:$I, Bottom_Up_Calculations!$A:$A, ">="&P$82, Bottom_Up_Calculations!$A:$A, "<"&EDATE(P$82,12)) -> 493.36941
S87: Full Forecast - Annual (6 years)
C88: Bottom-up Revenue Projection
D89: Quarterly Projections - 2 years from start | M89: Annual Projections (years 3 to 6) | T89: Annual Projections
D90: Year 1 | H90: Year 2 | M90: Year 3 | N90: Year 4 | O90: Year 5 | P90: Year 6 | T90: Year 1 | U90: Year 2 | V90: Year 3 | W90: Year 4 | X90: Year 5 | Y90: Year 6
D91: =StartDate -> 46023 | E91: =EDATE(D91,3) -> 46113 | F91: =EDATE(E91,3) -> 46204 | G91: =EDATE(F91,3) -> 46296 | H91: =EDATE(G91,3) -> 46388 | I91: =EDATE(H91,3) -> 46478 | J91: =EDATE(I91,3) -> 46569 | K91: =EDATE(J91,3) -> 46661 | M91: =EDATE(K91,3) -> 46753 | N91: =EDATE(M91,12) -> 47119 | O91: =EDATE(N91,12) -> 47484 | P91: =EDATE(O91,12) -> 47849 | T91: =D91 -> 46023 | U91: =H91 -> 46388 | V91: =M91 -> 46753 | W91: =EDATE(V91,12) -> 47119 | X91: =EDATE(W91,12) -> 47484 | Y91: =EDATE(X91,12) -> 47849
C92: =C83 -> Free Tier | D92: =$D$77*D83 -> 0 | E92: =$D$77*E83 -> 0 | F92: =$D$77*F83 -> 0 | G92: =$D$77*G83 -> 0 | H92: =$D$77*H83 -> 0 | I92: =$D$77*I83 -> 0 | J92: =$D$77*J83 -> 0 | K92: =$D$77*K83 -> 0 | M92: =$D$77*M83 -> 0 | N92: =$D$77*N83 -> 0 | O92: =$D$77*O83 -> 0 | P92: =$D$77*P83 -> 0 | S92: =C83 -> Free Tier | T92: =SUM(D92:G92) -> 0 | U92: =SUM(H92:K92) -> 0 | V92: =M92 -> 0 | W92: =N92 -> 0 | X92: =O92 -> 0 | Y92: =P92 -> 0
C93: =C84 -> Professional | D93: =$H$77*D84 -> 0 | E93: =$H$77*E84 -> 0 | F93: =$H$77*F84 -> 0 | G93: =$H$77*G84 -> 0 | H93: =$H$77*H84 -> 28732.831 | I93: =$H$77*I84 -> 33261.843 | J93: =$H$77*J84 -> 38504.741 | K93: =$H$77*K84 -> 44574.051 | M93: =$H$77*M84 -> 379491.34 | N93: =$H$77*N84 -> 681511.93 | O93: =$H$77*O84 -> 1223897.5 | P93: =$H$77*P84 -> 2197944.1 | S93: =C84 -> Professional | T93: =SUM(D93:G93) -> 0 | U93: =SUM(H93:K93) -> 145073.47 | V93: =M93 -> 379491.34 | W93: =N93 -> 681511.93 | X93: =O93 -> 1223897.5 | Y93: =P93 -> 2197944.1
C94: =C85 -> Premium | D94: =$L$77*D85 -> 0 | E94: =$L$77*E85 -> 0 | F94: =$L$77*F85 -> 0 | G94: =$L$77*G85 -> 0 | H94: =$L$77*H85 -> 14968.385 | I94: =$L$77*I85 -> 17327.777 | J94: =$L$77*J85 -> 20059.068 | K94: =$L$77*K85 -> 23220.878 | M94: =$L$77*M85 -> 202230.81 | N94: =$L$77*N85 -> 363177.48 | O94: =$L$77*O85 -> 652214.57 | P94: =$L$77*P85 -> 1171283.7 | S94: =C85 -> Premium | T94: =SUM(D94:G94) -> 0 | U94: =SUM(H94:K94) -> 75576.108 | V94: =M94 -> 202230.81 | W94: =N94 -> 363177.48 | X94: =O94 -> 652214.57 | Y94: =P94 -> 1171283.7
C95: Total | D95: =SUM(D92:D94) -> 0 | E95: =SUM(E92:E94) -> 0 | F95: =SUM(F92:F94) -> 0 | G95: =SUM(G92:G94) -> 0 | H95: =SUM(H92:H94) -> 43701.216 | I95: =SUM(I92:I94) -> 50589.62 | J95: =SUM(J92:J94) -> 58563.809 | K95: =SUM(K92:K94) -> 67794.929 | M95: =SUM(M92:M94) -> 581722.15 | N95: =SUM(N92:N94) -> 1044689.4 | O95: =SUM(O92:O94) -> 1876112.1 | P95: =SUM(P92:P94) -> 3369227.7 | S95: Total | T95: =SUM(T92:T94) -> 0 | U95: =SUM(U92:U94) -> 220649.57 | V95: =SUM(V92:V94) -> 581722.15 | W95: =SUM(W92:W94) -> 1044689.4 | X95: =SUM(X92:X94) -> 1876112.1 | Y95: =SUM(Y92:Y94) -> 3369227.7
B117: Revenue Projections
C118: Revenue Projections - Final | S118: =CompanyName &" Revenue Forecast" -> Sustainsphere Revenue Forecast
C119: ="Revenues ("&SubHeader&")" -> Revenues (EUR)
S120: First two years - Quarterly
C121: Method Choice
C122: Revenues | D122: Bottom-up
C124: Revenues can be projected using either of the following methods:
D125: Top-down
D126: Bottom-up
C129: Revenue Projection
D130: Quarterly Projections (years 1 and 2) | M130: Annual Projections (years 3 to 6)
D131: Year 1 | H131: Year 2 | M131: Year 3 | N131: Year 4 | O131: Year 5 | P131: Year 6
D132: =StartDate -> 46023 | E132: =EDATE(D132,3) -> 46113 | F132: =EDATE(E132,3) -> 46204 | G132: =EDATE(F132,3) -> 46296 | H132: =EDATE(G132,3) -> 46388 | I132: =EDATE(H132,3) -> 46478 | J132: =EDATE(I132,3) -> 46569 | K132: =EDATE(J132,3) -> 46661 | M132: =EDATE(K132,3) -> 46753 | N132: =EDATE(M132,12) -> 47119 | O132: =EDATE(N132,12) -> 47484 | P132: =EDATE(O132,12) -> 47849
C133: =IF($D$122="Bottom-up",C92,C62) -> Free Tier | D133: =IF($D$122="Bottom-up",D92,D62) -> 0 | E133: =IF($D$122="Bottom-up",E92,E62) -> 0 | F133: =IF($D$122="Bottom-up",F92,F62) -> 0 | G133: =IF($D$122="Bottom-up",G92,G62) -> 0 | H133: =IF($D$122="Bottom-up",H92,H62) -> 0 | I133: =IF($D$122="Bottom-up",I92,I62) -> 0 | J133: =IF($D$122="Bottom-up",J92,J62) -> 0 | K133: =IF($D$122="Bottom-up",K92,K62) -> 0 | M133: =IF($D$122="Bottom-up",M92,M62) -> 0 | N133: =IF($D$122="Bottom-up",N92,N62) -> 0 | O133: =IF($D$122="Bottom-up",O92,O62) -> 0 | P133: =IF($D$122="Bottom-up",P92,P62) -> 0
C134: =IF($D$122="Bottom-up",C93,C63) -> Professional | D134: =IF($D$122="Bottom-up",D93,D63) -> 0 | E134: =IF($D$122="Bottom-up",E93,E63) -> 0 | F134: =IF($D$122="Bottom-up",F93,F63) -> 0 | G134: =IF($D$122="Bottom-up",G93,G63) -> 0 | H134: =IF($D$122="Bottom-up",H93,H63) -> 28732.831 | I134: =IF($D$122="Bottom-up",I93,I63) -> 33261.843 | J134: =IF($D$122="Bottom-up",J93,J63) -> 38504.741 | K134: =IF($D$122="Bottom-up",K93,K63) -> 44574.051 | M134: =IF($D$122="Bottom-up",M93,M63) -> 379491.34 | N134: =IF($D$122="Bottom-up",N93,N63) -> 681511.93 | O134: =IF($D$122="Bottom-up",O93,O63) -> 1223897.5 | P134: =IF($D$122="Bottom-up",P93,P63) -> 2197944.1
C135: =IF($D$122="Bottom-up",C94,C64) -> Premium | D135: =IF($D$122="Bottom-up",D94,D64) -> 0 | E135: =IF($D$122="Bottom-up",E94,E64) -> 0 | F135: =IF($D$122="Bottom-up",F94,F64) -> 0 | G135: =IF($D$122="Bottom-up",G94,G64) -> 0 | H135: =IF($D$122="Bottom-up",H94,H64) -> 14968.385 | I135: =IF($D$122="Bottom-up",I94,I64) -> 17327.777 | J135: =IF($D$122="Bottom-up",J94,J64) -> 20059.068 | K135: =IF($D$122="Bottom-up",K94,K64) -> 23220.878 | M135: =IF($D$122="Bottom-up",M94,M64) -> 202230.81 | N135: =IF($D$122="Bottom-up",N94,N64) -> 363177.48 | O135: =IF($D$122="Bottom-up",O94,O64) -> 652214.57 | P135: =IF($D$122="Bottom-up",P94,P64) -> 1171283.7
C136: =IF($D$122="Bottom-up",C95,C65) -> Total | D136: =SUM(D133:D135) -> 0 | E136: =SUM(E133:E135) -> 0 | F136: =SUM(F133:F135) -> 0 | G136: =SUM(G133:G135) -> 0 | H136: =SUM(H133:H135) -> 43701.216 | I136: =SUM(I133:I135) -> 50589.62 | J136: =SUM(J133:J135) -> 58563.809 | K136: =SUM(K133:K135) -> 67794.929 | M136: =SUM(M133:M135) -> 581722.15 | N136: =SUM(N133:N135) -> 1044689.4 | O136: =SUM(O133:O135) -> 1876112.1 | P136: =SUM(P133:P135) -> 3369227.7
C139: Top Up Revenue | S139: Full Forecast - Annual (6 years)
D140: Quarterly Projections (years 1 and 2) | M140: Annual Projections (years 3 to 6)
...

Sheet Bottom_Up_Calculations
A1: Q.1. Bottom Up Sales Funnel and Calculations
A2: Inputs | B2: Assumptions
A3: Starting Month for the sales | B3: 46388 | C3: In 2026, only production and pilot customers. No sales
A4: Leads per month | B4: 100 | C4: By all the means like online marketing (google, linkedin, meta), conferences, one to one meetings etc.
A5: Month-over-month growth of leads | B5: 0.05
A6: Lead to Free subscription | B6: 0.3
A7: Lead to Professional subscription | B7: 0.06
A8: Lead to Premium subscription | B8: 0.02
A9: Annual churn Professional (% that do not renew yearly) | B9: 0.18
A10: Retention Professional | B10: =1-B9 -> 0.82
A11: Annual churn Premium | B11: 0.12
A12: Retention Premium | B12: =1-B11 -> 0.88
A13: Annual churn for Free tier taken as zero
A14: Calculation Engine cum Sales Funnel Table (Seasonality is taken as 1.0 throughout the sales funnel)
A15: Month | B15: Leads | C15: New Free | D15: New Pro | E15: New Prem | F15: Renew Pro | G15: Renew Prem | H15: Units Sold Pro | I15: Unit Sold Prem | J15: Active Free | K15: Active Pro | L15: Active Prem
A16: =B3 -> 46388 | B16: =Leads_Start -> 100 | C16: =B16*Lead_to_Free -> 30 | D16: =B16*Lead_to_Pro -> 6 | E16: =B16*Lead_to_Prem -> 2 | F16: =IFERROR( _xlfn.XLOOKUP(EDATE(A16,-12), $A:$A, $D:$D, 0) * Retention_Pro, 0) -> 0 | G16: =IFERROR( _xlfn.XLOOKUP(EDATE(A16,-12), $A:$A, $E:$E, 0) * Retention_Prem, 0) -> 0 | H16: =D16+F16 -> 6 | I16: =E16+G16 -> 2 | J16: =C16 -> 30 | K16: =D16 -> 6 | L16: =E16 -> 2
A17: =EDATE(A16,1) -> 46419 | B17: =B16*(1+MoM_Growth) -> 105 | C17: =B17*Lead_to_Free -> 31.5 | D17: =B17*Lead_to_Pro -> 6.3 | E17: =B17*Lead_to_Prem -> 2.1 | F17: =IFERROR( _xlfn.XLOOKUP(EDATE(A17,-12), $A:$A, $D:$D, 0) * Retention_Pro, 0) -> 0 | G17: =IFERROR( _xlfn.XLOOKUP(EDATE(A17,-12), $A:$A, $E:$E, 0) * Retention_Prem, 0) -> 0 | H17: =D17+F17 -> 6.3 | I17: =E17+G17 -> 2.1 | J17: =C17+J16 -> 61.5 | K17: =K16+D17-IFERROR(_xlfn.XLOOKUP(EDATE(A17,-12),$A:$A,$D:$D,0)-F17, 0) -> 12.3 | L17: =L16 + E17 - IFERROR(_xlfn.XLOOKUP(EDATE(A17,-12),$A:$A,$E:$E,0) - G17, 0) -> 4.1
A18: =EDATE(A17,1) -> 46447 | B18: =B17*(1+MoM_Growth) -> 110.25 | C18: =B18*Lead_to_Free -> 33.075 | D18: =B18*Lead_to_Pro -> 6.615 | E18: =B18*Lead_to_Prem -> 2.205 | F18: =IFERROR( _xlfn.XLOOKUP(EDATE(A18,-12), $A:$A, $D:$D, 0) * Retention_Pro, 0) -> 0 | G18: =IFERROR( _xlfn.XLOOKUP(EDATE(A18,-12), $A:$A, $E:$E, 0) * Retention_Prem, 0) -> 0 | H18: =D18+F18 -> 6.615 | I18: =E18+G18 -> 2.205 | J18: =C18+J17 -> 94.575 | K18: =K17+D18-IFERROR(_xlfn.XLOOKUP(EDATE(A18,-12),$A:$A,$D:$D,0)-F18, 0) -> 18.915 | L18: =L17 + E18 - IFERROR(_xlfn.XLOOKUP(EDATE(A18,-12),$A:$A,$E:$E,0) - G18, 0) -> 6.305
A19: =EDATE(A18,1) -> 46478 | B19: =B18*(1+MoM_Growth) -> 115.7625 | C19: =B19*Lead_to_Free -> 34.72875 | D19: =B19*Lead_to_Pro -> 6.94575 | E19: =B19*Lead_to_Prem -> 2.31525 | F19: =IFERROR( _xlfn.XLOOKUP(EDATE(A19,-12), $A:$A, $D:$D, 0) * Retention_Pro, 0) -> 0 | G19: =IFERROR( _xlfn.XLOOKUP(EDATE(A19,-12), $A:$A, $E:$E, 0) * Retention_Prem, 0) -> 0 | H19: =D19+F19 -> 6.94575 | I19: =E19+G19 -> 2.31525 | J19: =C19+J18 -> 129.30375 | K19: =K18+D19-IFERROR(_xlfn.XLOOKUP(EDATE(A19,-12),$A:$A,$D:$D,0)-F19, 0) -> 25.86075 | L19: =L18 + E19 - IFERROR(_xlfn.XLOOKUP(EDATE(A19,-12),$A:$A,$E:$E,0) - G19, 0) -> 8.62025
A20: =EDATE(A19,1) -> 46508 | B20: =B19*(1+MoM_Growth) -> 121.55063 | C20: =B20*Lead_to_Free -> 36.465187 | D20: =B20*Lead_to_Pro -> 7.2930375 | E20: =B20*Lead_to_Prem -> 2.4310125 | F20: =IFERROR( _xlfn.XLOOKUP(EDATE(A20,-12), $A:$A, $D:$D, 0) * Retention_Pro, 0) -> 0 | G20: =IFERROR( _xlfn.XLOOKUP(EDATE(A20,-12), $A:$A, $E:$E, 0) * Retention_Prem, 0) -> 0 | H20: =D20+F20 -> 7.2930375 | I20: =E20+G20 -> 2.4310125 | J20: =C20+J19 -> 165.76894 | K20: =K19+D20-IFERROR(_xlfn.XLOOKUP(EDATE(A20,-12),$A:$A,$D:$D,0)-F20, 0) -> 33.153787 | L20: =L19 + E20 - IFERROR(_xlfn.XLOOKUP(EDATE(A20,-12),$A:$A,$E:$E,0) - G20, 0) -> 11.051262
A21: =EDATE(A20,1) -> 46539 | B21: =B20*(1+MoM_Growth) -> 127.62816 | C21: =B21*Lead_to_Free -> 38.288447 | D21: =B21*Lead_to_Pro -> 7.6576894 | E21: =B21*Lead_to_Prem -> 2.5525631 | F21: =IFERROR( _xlfn.XLOOKUP(EDATE(A21,-12), $A:$A, $D:$D, 0) * Retention_Pro, 0) -> 0 | G21: =IFERROR( _xlfn.XLOOKUP(EDATE(A21,-12), $A:$A, $E:$E, 0) * Retention_Prem, 0) -> 0 | H21: =D21+F21 -> 7.6576894 | I21: =E21+G21 -> 2.5525631 | J21: =C21+J20 -> 204.05738 | K21: =K20+D21-IFERROR(_xlfn.XLOOKUP(EDATE(A21,-12),$A:$A,$D:$D,0)-F21, 0) -> 40.811477 | L21: =L20 + E21 - IFERROR(_xlfn.XLOOKUP(EDATE(A21,-12),$A:$A,$E:$E,0) - G21, 0) -> 13.603826
A22: =EDATE(A21,1) -> 46569 | B22: =B21*(1+MoM_Growth) -> 134.00956 | C22: =B22*Lead_to_Free -> 40.202869 | D22: =B22*Lead_to_Pro -> 8.0405738 | E22: =B22*Lead_to_Prem -> 2.6801913 | F22: =IFERROR( _xlfn.XLOOKUP(EDATE(A22,-12), $A:$A, $D:$D, 0) * Retention_Pro, 0) -> 0 | G22: =IFERROR( _xlfn.XLOOKUP(EDATE(A22,-12), $A:$A, $E:$E, 0) * Retention_Prem, 0) -> 0 | H22: =D22+F22 -> 8.0405738 | I22: =E22+G22 -> 2.6801913 | J22: =C22+J21 -> 244.26025 | K22: =K21+D22-IFERROR(_xlfn.XLOOKUP(EDATE(A22,-12),$A:$A,$D:$D,0)-F22, 0) -> 48.852051 | L22: =L21 + E22 - IFERROR(_xlfn.XLOOKUP(EDATE(A22,-12),$A:$A,$E:$E,0) - G22, 0) -> 16.284017
A23: =EDATE(A22,1) -> 46600 | B23: =B22*(1+MoM_Growth) -> 140.71004 | C23: =B23*Lead_to_Free -> 42.213013 | D23: =B23*Lead_to_Pro -> 8.4426025 | E23: =B23*Lead_to_Prem -> 2.8142008 | F23: =IFERROR( _xlfn.XLOOKUP(EDATE(A23,-12), $A:$A, $D:$D, 0) * Retention_Pro, 0) -> 0 | G23: =IFERROR( _xlfn.XLOOKUP(EDATE(A23,-12), $A:$A, $E:$E, 0) * Retention_Prem, 0) -> 0 | H23: =D23+F23 -> 8.4426025 | I23: =E23+G23 -> 2.8142008 | J23: =C23+J22 -> 286.47327 | K23: =K22+D23-IFERROR(_xlfn.XLOOKUP(EDATE(A23,-12),$A:$A,$D:$D,0)-F23, 0) -> 57.294653 | L23: =L22 + E23 - IFERROR(_xlfn.XLOOKUP(EDATE(A23,-12),$A:$A,$E:$E,0) - G23, 0) -> 19.098218
A24: =EDATE(A23,1) -> 46631 | B24: =B23*(1+MoM_Growth) -> 147.74554 | C24: =B24*Lead_to_Free -> 44.323663 | D24: =B24*Lead_to_Pro -> 8.8647327 | E24: =B24*Lead_to_Prem -> 2.9549109 | F24: =IFERROR( _xlfn.XLOOKUP(EDATE(A24,-12), $A:$A, $D:$D, 0) * Retention_Pro, 0) -> 0 | G24: =IFERROR( _xlfn.XLOOKUP(EDATE(A24,-12), $A:$A, $E:$E, 0) * Retention_Prem, 0) -> 0 | H24: =D24+F24 -> 8.8647327 | I24: =E24+G24 -> 2.9549109 | J24: =C24+J23 -> 330.79693 | K24: =K23+D24-IFERROR(_xlfn.XLOOKUP(EDATE(A24,-12),$A:$A,$D:$D,0)-F24, 0) -> 66.159386 | L24: =L23 + E24 - IFERROR(_xlfn.XLOOKUP(EDATE(A24,-12),$A:$A,$E:$E,0) - G24, 0) -> 22.053129
A25: =EDATE(A24,1) -> 46661 | B25: =B24*(1+MoM_Growth) -> 155.13282 | C25: =B25*Lead_to_Free -> 46.539846 | D25: =B25*Lead_to_Pro -> 9.3079693 | E25: =B25*Lead_to_Prem -> 3.1026564 | F25: =IFERROR( _xlfn.XLOOKUP(EDATE(A25,-12), $A:$A, $D:$D, 0) * Retention_Pro, 0) -> 0 | G25: =IFERROR( _xlfn.XLOOKUP(EDATE(A25,-12), $A:$A, $E:$E, 0) * Retention_Prem, 0) -> 0 | H25: =D25+F25 -> 9.3079693 | I25: =E25+G25 -> 3.1026564 | J25: =C25+J24 -> 377.33678 | K25: =K24+D25-IFERROR(_xlfn.XLOOKUP(EDATE(A25,-12),$A:$A,$D:$D,0)-F25, 0) -> 75.467355 | L25: =L24 + E25 - IFERROR(_xlfn.XLOOKUP(EDATE(A25,-12),$A:$A,$E:$E,0) - G25, 0) -> 25.155785
A26: =EDATE(A25,1) -> 46692 | B26: =B25*(1+MoM_Growth) -> 162.88946 | C26: =B26*Lead_to_Free -> 48.866839 | D26: =B26*Lead_to_Pro -> 9.7733678 | E26: =B26*Lead_to_Prem -> 3.2577893 | F26: =IFERROR( _xlfn.XLOOKUP(EDATE(A26,-12), $A:$A, $D:$D, 0) * Retention_Pro, 0) -> 0 | G26: =IFERROR( _xlfn.XLOOKUP(EDATE(A26,-12), $A:$A, $E:$E, 0) * Retention_Prem, 0) -> 0 | H26: =D26+F26 -> 9.7733678 | I26: =E26+G26 -> 3.2577893 | J26: =C26+J25 -> 426.20361 | K26: =K25+D26-IFERROR(_xlfn.XLOOKUP(EDATE(A26,-12),$A:$A,$D:$D,0)-F26, 0) -> 85.240723 | L26: =L25 + E26 - IFERROR(_xlfn.XLOOKUP(EDATE(A26,-12),$A:$A,$E:$E,0) - G26, 0) -> 28.413574
A27: =EDATE(A26,1) -> 46722 | B27: =B26*(1+MoM_Growth) -> 171.03394 | C27: =B27*Lead_to_Free -> 51.310181 | D27: =B27*Lead_to_Pro -> 10.262036 | E27: =B27*Lead_to_Prem -> 3.4206787 | F27: =IFERROR( _xlfn.XLOOKUP(EDATE(A27,-12), $A:$A, $D:$D, 0) * Retention_Pro, 0) -> 0 | G27: =IFERROR( _xlfn.XLOOKUP(EDATE(A27,-12), $A:$A, $E:$E, 0) * Retention_Prem, 0) -> 0 | H27: =D27+F27 -> 10.262036 | I27: =E27+G27 -> 3.4206787 | J27: =C27+J26 -> 477.5138 | K27: =K26+D27-IFERROR(_xlfn.XLOOKUP(EDATE(A27,-12),$A:$A,$D:$D,0)-F27, 0) -> 95.502759 | L27: =L26 + E27 - IFERROR(_xlfn.XLOOKUP(EDATE(A27,-12),$A:$A,$E:$E,0) - G27, 0) -> 31.834253
A28: =EDATE(A27,1) -> 46753 | B28: =B27*(1+MoM_Growth) -> 179.58563 | C28: =B28*Lead_to_Free -> 53.87569 | D28: =B28*Lead_to_Pro -> 10.775138 | E28: =B28*Lead_to_Prem -> 3.5917127 | F28: =IFERROR( _xlfn.XLOOKUP(EDATE(A28,-12), $A:$A, $D:$D, 0) * Retention_Pro, 0) -> 4.92 | G28: =IFERROR( _xlfn.XLOOKUP(EDATE(A28,-12), $A:$A, $E:$E, 0) * Retention_Prem, 0) -> 1.76 | H28: =D28+F28 -> 15.695138 | I28: =E28+G28 -> 5.3517127 | J28: =C28+J27 -> 531.38949 | K28: =K27+D28-IFERROR(_xlfn.XLOOKUP(EDATE(A28,-12),$A:$A,$D:$D,0)-F28, 0) -> 105.1979 | L28: =L27 + E28 - IFERROR(_xlfn.XLOOKUP(EDATE(A28,-12),$A:$A,$E:$E,0) - G28, 0) -> 35.185966
... A75: =EDATE(A74,1) -> 48183 | B75: =B74*(1+MoM_Growth) -> 1778.9701 | C75: =B75*Lead_to_Free -> 533.69103 | D75: =B75*Lead_to_Pro -> 106.73821 | E75: =B75*Lead_to_Prem -> 35.579402 | F75: =IFERROR( _xlfn.XLOOKUP(EDATE(A75,-12), $A:$A, $D:$D, 0) * Retention_Pro, 0) -> 48.737378 | G75: =IFERROR( _xlfn.XLOOKUP(EDATE(A75,-12), $A:$A, $E:$E, 0) * Retention_Prem, 0) -> 17.434509 | H75: =D75+F75 -> 155.47558 | I75: =E75+G75 -> 53.013911 | J75: =C75+J74 -> 10607.512 | K75: =K74+D75-IFERROR(_xlfn.XLOOKUP(EDATE(A75,-12),$A:$A,$D:$D,0)-F75, 0) -> 1918.4349 | L75: =L74 + E75 - IFERROR(_xlfn.XLOOKUP(EDATE(A75,-12),$A:$A,$E:$E,0) - G75, 0) -> 662.04134

Sheet Statements
A1: Q.1. & Q.3. Statements
A2: 1. Cash Flow Statement
B3: Cash Flow Statement | R3: =CompanyName &" Annual Cash Flow Statement" -> Sustainsphere Annual Cash Flow Statement | AC3: =CompanyName &" Projected Cashflow" -> Sustainsphere Projected Cashflow
B4: ="All Values in "&SubHeader -> All Values in EUR
B5: Assumption | C5: Bottom up Revenue and bottom up COGS values taken | AC5: Cash Flows
R6: Full Forecast - Annual (6 years)
B7: Cash Flow Statement Projection
C8: Quarterly Cash Flow (years 1 and 2) | L8: Annual Cash Flow (years 3 to 6) | T8: Annual Projections
C9: Year 1 | G9: Year 2 | L9: Year 3 | M9: Year 4 | N9: Year 5 | O9: Year 6 | T9: Year 1 | U9: Year 2 | V9: Year 3 | W9: Year 4 | X9: Year 5 | Y9: Year 6
B10: Starting date | C10: =StartDate -> 46023 | D10: =EDATE(C10,3) -> 46113 | E10: =EDATE(D10,3) -> 46204 | F10: =EDATE(E10,3) -> 46296 | G10: =EDATE(F10,3) -> 46388 | H10: =EDATE(G10,3) -> 46478 | I10: =EDATE(H10,3) -> 46569 | J10: =EDATE(I10,3) -> 46661 | L10: =EDATE(J10,3) -> 46753 | M10: =EDATE(L10,12) -> 47119 | N10: =EDATE(M10,12) -> 47484 | O10: =EDATE(N10,12) -> 47849 | R10: Starting date | T10: =C10 -> 46023 | U10: =G10 -> 46388 | V10: =L10 -> 46753 | W10: =M10 -> 47119 | X10: =N10 -> 47484 | Y10: =O10 -> 47849
B12: Beginning Cash Balance | C12: 0 | D12: =C38 -> 87250 | E12: =D38 -> 74500 | F12: =E38 -> 46437.5 | G12: =F38 -> 18375 | H12: =G38 -> 269044.76 | I12: =H38 -> 241319.5 | J12: =I38 -> 208223.61 | L12: =J38 -> 155625.51 | M12: =L38 -> 441159.68 | N12: =M38 -> 910506.64 | O12: =N38 -> 1886508.4 | R12: =B12 -> Beginning Cash Balance | T12: =C12 -> 0 | U12: =G12 -> 18375 | V12: =L12 -> 155625.51 | W12: =M12 -> 441159.68 | X12: =N12 -> 910506.64 | Y12: =O12 -> 1886508.4
B14: Operating | R14: =B14 -> Operating
B15: Revenues | C15: =Operations!D156 -> 0 | D15: =Operations!E156 -> 0 | E15: =Operations!F156 -> 0 | F15: =Operations!G156 -> 0 | G15: =Operations!H156 -> 43701.216 | H15: =Operations!I156 -> 50589.62 | I15: =Operations!J156 -> 58563.809 | J15: =Operations!K156 -> 67794.929 | L15: =Operations!M156 -> 581722.15 | M15: =Operations!N156 -> 1044689.4 | N15: =Operations!O156 -> 1876112.1 | O15: =Operations!P156 -> 3369227.7 | R15: =B15 -> Revenues | T15: =SUM(C15:F15) -> 0 | U15: =SUM(G15:J15) -> 220649.57 | V15: =L15 -> 581722.15 | W15: =M15 -> 1044689.4 | X15: =N15 -> 1876112.1 | Y15: =O15 -> 3369227.7
B16: COGS | C16: =Operations!D220*-1 -> 0 | D16: =Operations!E220*-1 -> 0 | E16: =Operations!F220*-1 -> 0 | F16: =Operations!G220*-1 -> 0 | G16: =Operations!H220*-1 -> -2021.2962 | H16: =Operations!I220*-1 -> -2339.9031 | I16: =Operations!J220*-1 -> -2708.7303 | J16: =Operations!K220*-1 -> -3135.6939 | L16: =Operations!M220*-1 -> -23670.021 | M16: =Operations!N220*-1 -> -44208.276 | N16: =Operations!O220*-1 -> -82567.38 | O16: =Operations!P220*-1 -> -154210.32 | R16: =B16 -> COGS | T16: =SUM(C16:F16) -> 0 | U16: =SUM(G16:J16) -> -10205.623 | V16: =L16 -> -23670.021 | W16: =M16 -> -44208.276 | X16: =N16 -> -82567.38 | Y16: =O16 -> -154210.32
B17: Operating Expenses | C17: =Operations!D462*-1 -> -12750 | D17: =Operations!E462*-1 -> -12750 | E17: =Operations!F462*-1 -> -28062.5 | F17: =Operations!G462*-1 -> -28062.5 | G17: =Operations!H462*-1 -> -57442.5 | H17: =Operations!I462*-1 -> -75255 | I17: =Operations!J462*-1 -> -88117.5 | J17: =Operations!K462*-1 -> -116292.5 | L17: =Operations!M462*-1 -> -664314.8 | M17: =Operations!N462*-1 -> -670365.48 | N17: =Operations!O462*-1 -> -738415.82 | O17: =Operations!P462*-1 -> -746074.41 | R17: =B17 -> Operating Expenses | T17: =SUM(C17:F17) -> -81625 | U17: =SUM(G17:J17) -> -337107.5 | V17: =L17 -> -664314.8 | W17: =M17 -> -670365.48 | X17: =N17 -> -738415.82 | Y17: =O17 -> -746074.41
B18: =Operations!C537 -> Change in Net Working Capital | C18: =Operations!D537 -> 0 | D18: =Operations!E537 -> 0 | E18: =Operations!F537 -> 0 | F18: =Operations!G537 -> 0 | G18: =Operations!H537 -> -4567.6624 | H18: =Operations!I537 -> -719.97779 | I18: =Operations!J537 -> -833.46429 | J18: =Operations!K537 -> -964.8391 | L18: =Operations!M537 -> -8203.1559 | M18: =Operations!N537 -> -12121.342 | N18: =Operations!O537 -> -21727.769 | O18: =Operations!P537 -> -38944.458 | R18: =B18 -> Change in Net Working Capital | T18: =SUM(C18:F18) -> 0 | U18: =SUM(G18:J18) -> -7085.9436 | V18: =L18 -> -8203.1559 | W18: =M18 -> -12121.342 | X18: =N18 -> -21727.769 | Y18: =O18 -> -38944.458
B19: Taxes | C19: =C100 -> 0 | D19: =D100 -> 0 | E19: =E100 -> 0 | F19: =F100 -> 0 | G19: =G100 -> 0 | H19: =H100 -> 0 | I19: =I100 -> 0 | J19: =J100 -> 0 | L19: =L100 -> 0 | M19: =M100 -> -48647.348 | N19: =N100 -> -157399.33 | O19: =O100 -> -369471.45 | R19: =B19 -> Taxes | T19: =SUM(C19:F19) -> 0 | U19: =SUM(G19:J19) -> 0 | V19: =L19 -> 0 | W19: =M19 -> -48647.348 | X19: =N19 -> -157399.33 | Y19: =O19 -> -369471.45
B20: Total Operating | C20: =SUM(C15:C19) -> -12750 | D20: =SUM(D15:D19) -> -12750 | E20: =SUM(E15:E19) -> -28062.5 | F20: =SUM(F15:F19) -> -28062.5 | G20: =SUM(G15:G19) -> -20330.243 | H20: =SUM(H15:H19) -> -27725.261 | I20: =SUM(I15:I19) -> -33095.886 | J20: =SUM(J15:J19) -> -52598.104 | L20: =SUM(L15:L19) -> -114465.82 | M20: =SUM(M15:M19) -> 269346.96 | N20: =SUM(N15:N19) -> 876001.78 | O20: =SUM(O15:O19) -> 2060527.1 | R20: =B20 -> Total Operating | T20: =SUM(C20:F20) -> -81625 | U20: =SUM(G20:J20) -> -133749.49 | V20: =L20 -> -114465.82 | W20: =M20 -> 269346.96 | X20: =N20 -> 876001.78 | Y20: =O20 -> 2060527.1
B22: Investing | R22: =B22 -> Investing | AC22: Total Cash Flow - Annual Forecast (6 years)
B23: Capital Expenses | C23: =Operations!D430*-1 -> 0 | D23: =Operations!E430*-1 -> 0 | E23: =Operations!F430*-1 -> 0 | F23: =Operations!G430*-1 -> 0 | G23: =Operations!H430*-1 -> -29000 | H23: =Operations!I430*-1 -> 0 | I23: =Operations!J430*-1 -> 0 | J23: =Operations!K430*-1 -> 0 | L23: =Operations!M430*-1 -> 0 | M23: =Operations!N430*-1 -> 0 | N23: =Operations!O430*-1 -> 0 | O23: =Operations!P430*-1 -> 0 | R23: =B23 -> Capital Expenses | T23: =SUM(C23:F23) -> 0 | U23: =SUM(G23:J23) -> -29000 | V23: =L23 -> 0 | W23: =M23 -> 0 | X23: =N23 -> 0 | Y23: =O23 -> 0
B24: Other Investments | C24: 0 | D24: 0 | E24: 0 | F24: 0 | G24: 0 | H24: 0 | I24: 0 | J24: 0 | L24: 0 | M24: 0 | N24: 0 | O24: 0 | R24: =B24 -> Other Investments | T24: =SUM(C24:F24) -> 0 | U24: =SUM(G24:J24) -> 0 | V24: =L24 -> 0 | W24: =M24 -> 0 | X24: =N24 -> 0 | Y24: =O24 -> 0 | AD24: Annual Projections
B25: Total Investing | C25: =SUM(C23:C24) -> 0 | D25: =SUM(D23:D24) -> 0 | E25: =SUM(E23:E24) -> 0 | F25: =SUM(F23:F24) -> 0 | G25: =SUM(G23:G24) -> -29000 | H25: =SUM(H23:H24) -> 0 | I25: =SUM(I23:I24) -> 0 | J25: =SUM(J23:J24) -> 0 | L25: =SUM(L23:L24) -> 0 | M25: =SUM(M23:M24) -> 0 | N25: =SUM(N23:N24) -> 0 | O25: =SUM(O23:O24) -> 0 | R25: =B25 -> Total Investing | T25: =SUM(C25:F25) -> 0 | U25: =SUM(G25:J25) -> -29000 | V25: =L25 -> 0 | W25: =M25 -> 0 | X25: =N25 -> 0 | Y25: =O25 -> 0 | AD25: Year 1 | AE25: Year 2 | AF25: Year 3 | AG25: Year 4 | AH25: Year 5 | AI25: Year 6
B26: Cash flow before financing | R26: =B26 -> Cash flow before financing | AD26: =C10 -> 46023 | AE26: =G10 -> 46388 | AF26: =L10 -> 46753 | AG26: =M10 -> 47119 | AH26: =N10 -> 47484 | AI26: =O10 -> 47849
B27: Cash flows | C27: =C20+C25 -> -12750 | D27: =D20+D25 -> -12750 | E27: =E20+E25 -> -28062.5 | F27: =F20+F25 -> -28062.5 | G27: =G20+G25 -> -49330.243 | H27: =H20+H25 -> -27725.261 | I27: =I20+I25 -> -33095.886 | J27: =J20+J25 -> -52598.104 | L27: =L20+L25 -> -114465.82 | M27: =M20+M25 -> 269346.96 | N27: =N20+N25 -> 876001.78 | O27: =O25+O20 -> 2060527.1 | R27: =B27 -> Cash flows | T27: =T20+T25 -> -81625 | U27: =U20+U25 -> -162749.49 | V27: =V20+V25 -> -114465.82 | W27: =W20+W25 -> 269346.96 | X27: =X20+X25 -> 876001.78 | Y27: =Y20+Y25 -> 2060527.1 | AC27: =R36 -> Cash Flow | AD27: =T36 -> 18375 | AE27: =U36 -> 137250.51 | AF27: =V36 -> 285534.18 | AG27: =W36 -> 469346.96 | AH27: =X36 -> 976001.78 | AI27: =Y36 -> 2060527.1
B28: Ending cash balance | C28: =C27 -> -12750 | D28: =C28+D27 -> -25500 | E28: =D28+E27 -> -53562.5 | F28: =E28+F27 -> -81625 | G28: =F28+G27 -> -130955.24 | H28: =G28+H27 -> -158680.5 | I28: =H28+I27 -> -191776.39 | J28: =I28+J27 -> -244374.49 | L28: =L27 -> -114465.82 | M28: =L28+M27 -> 154881.14 | N28: =M28+N27 -> 1030882.9 | O28: =N28+O27 -> 3091410 | R28: =B28 -> Ending cash balance | T28: =T27 -> -81625 | U28: =T28+U27 -> -244374.49 | V28: =U28+V27 -> -358840.32 | W28: =V28+W27 -> -89493.356 | X28: =W28+X27 -> 786508.42 | Y28: =X28+Y27 -> 2847035.5 | AC28: =R38 -> Ending Cash Balance | AD28: =T38 -> 18375 | AE28: =U38 -> 155625.51 | AF28: =V38 -> 441159.68 | AG28: =W38 -> 910506.64 | AH28: =X38 -> 1886508.4 | AI28: =Y38 -> 3947035.5
B30: Financing | R30: =B30 -> Financing
B31: Equity Funding | C31: =Operations!D583 -> 100000 | D31: =Operations!E583 -> 0 | E31: =Operations!F583 -> 0 | F31: =Operations!G583 -> 0 | G31: =Operations!H583 -> 300000 | H31: =Operations!I583 -> 0 | I31: =Operations!J583 -> 0 | J31: =Operations!K583 -> 0 | L31: =Operations!M583 -> 400000 | M31: =Operations!N583 -> 200000 | N31: =Operations!O583 -> 100000 | O31: =Operations!P583 -> 0 | R31: =B31 -> Equity Funding | T31: =SUM(C31:F31) -> 100000 | U31: =SUM(G31:J31) -> 300000 | V31: =L31 -> 400000 | W31: =M31 -> 200000 | X31: =N31 -> 100000 | Y31: =O31 -> 0
B32: Change in Debt | C32: =Operations!D595 -> 0 | D32: =Operations!E595 -> 0 | E32: =Operations!F595 -> 0 | F32: =Operations!G595 -> 0 | G32: =Operations!H595 -> 0 | H32: =Operations!I595 -> 0 | I32: =Operations!J595 -> 0 | J32: =Operations!K595 -> 0 | L32: =Operations!K595 -> 0 | M32: =Operations!L595 -> 0 | N32: =Operations!M595 -> 0 | O32: =Operations!N595 -> 0 | R32: =B32 -> Change in Debt | T32: =SUM(C32:F32) -> 0 | U32: =SUM(G32:J32) -> 0 | V32: =L32 -> 0 | W32: =M32 -> 0 | X32: =N32 -> 0 | Y32: =O32 -> 0
B33: Interest Payments | C33: =Operations!D608*-1 -> 0 | D33: =Operations!E608*-1 -> 0 | E33: =Operations!F608*-1 -> 0 | F33: =Operations!G608*-1 -> 0 | G33: =Operations!H608*-1 -> 0 | H33: =Operations!I608*-1 -> 0 | I33: =Operations!J608*-1 -> 0 | J33: =Operations!K608*-1 -> 0 | L33: =Operations!M608*-1 -> 0 | M33: =Operations!N608*-1 -> 0 | N33: =Operations!O608*-1 -> 0 | O33: =Operations!P608*-1 -> 0 | R33: =B33 -> Interest Payments | T33: =SUM(C33:F33) -> 0 | U33: =SUM(G33:J33) -> 0 | V33: =L33 -> 0 | W33: =M33 -> 0 | X33: =N33 -> 0 | Y33: =O33 -> 0
B34: Total Financing | C34: =SUM(C31:C33) -> 100000 | D34: =SUM(D31:D33) -> 0 | E34: =SUM(E31:E33) -> 0 | F34: =SUM(F31:F33) -> 0 | G34: =SUM(G31:G33) -> 300000 | H34: =SUM(H31:H33) -> 0 | I34: =SUM(I31:I33) -> 0 | J34: =SUM(J31:J33) -> 0 | L34: =SUM(L31:L33) -> 400000 | M34: =SUM(M31:M33) -> 200000 | N34: =SUM(N31:N33) -> 100000 | O34: =SUM(O31:O33) -> 0 | R34: =B34 -> Total Financing | T34: =SUM(C34:F34) -> 100000 | U34: =SUM(G34:J34) -> 300000 | V34: =L34 -> 400000 | W34: =M34 -> 200000 | X34: =N34 -> 100000 | Y34: =O34 -> 0
B36: Cash Flow | C36: =SUM(C20,C25,C34) -> 87250 | D36: =SUM(D20,D25,D34) -> -12750 | E36: =SUM(E20,E25,E34) -> -28062.5 | F36: =SUM(F20,F25,F34) -> -28062.5 | G36: =SUM(G20,G25,G34) -> 250669.76 | H36: =SUM(H20,H25,H34) -> -27725.261 | I36: =SUM(I20,I25,I34) -> -33095.886 | J36: =SUM(J20,J25,J34) -> -52598.104 | L36: =SUM(L20,L25,L34) -> 285534.18 | M36: =SUM(M20,M25,M34) -> 469346.96 | N36: =SUM(N20,N25,N34) -> 976001.78 | O36: =SUM(O20,O25,O34) -> 2060527.1 | R36: =B36 -> Cash Flow | T36: =SUM(C36:F36) -> 18375 | U36: =SUM(G36:J36) -> 137250.51 | V36: =L36 -> 285534.18 | W36: =M36 -> 469346.96 | X36: =N36 -> 976001.78 | Y36: =O36 -> 2060527.1
B38: Ending Cash Balance | C38: =C12+C36 -> 87250 | D38: =D12+D36 -> 74500 | E38: =E12+E36 -> 46437.5 | F38: =F12+F36 -> 18375 | G38: =G12+G36 -> 269044.76 | H38: =H12+H36 -> 241319.5 | I38: =I12+I36 -> 208223.61 | J38: =J12+J36 -> 155625.51 | L38: =L12+L36 -> 441159.68 | M38: =M12+M36 -> 910506.64 | N38: =N12+N36 -> 1886508.4 | O38: =O12+O36 -> 3947035.5 | R38: =B38 -> Ending Cash Balance | T38: =F38 -> 18375 | U38: =J38 -> 155625.51 | V38: =L38 -> 441159.68 | W38: =M38 -> 910506.64 | X38: =N38 -> 1886508.4 | Y38: =O38 -> 3947035.5
R42: Is the Company Bankrupt? (Ending Cash at any time<0) | S42: =IF(MIN(C38:J38, L38:O38)<0, "Yes", "No") -> No
AC49: Free Cash Flow (from Operations and Investing Before Financing) - Annual Forecast (6 years)
AD51: Annual Projections
AD52: Year 1 | AE52: Year 2 | AF52: Year 3 | AG52: Year 4 | AH52: Year 5 | AI52: Year 6
AD53: =T10 -> 46023 | AE53: =U10 -> 46388 | AF53: =V10 -> 46753 | AG53: =W10 -> 47119 | AH53: =X10 -> 47484 | AI53: =Y10 -> 47849
AC54: =R36 -> Cash Flow | AD54: =T20+T25 -> -81625 | AE54: =U20+U25 -> -162749.49 | AF54: =V20+V25 -> -114465.82 | AG54: =W20+W25 -> 269346.96 | AH54: =X20+X25 -> 876001.78 | AI54: =Y20+Y25 -> 2060527.1
AC55: =R38 -> Ending Cash Balance | AD55: =AD54 -> -81625 | AE55: =AD55+AE54 -> -244374.49 | AF55: =AE55+AF54 -> -358840.32 | AG55: =AF55+AG54 -> -89493.356 | AH55: =AG55+AH54 -> 786508.42 | AI55: =AH55+AI54 -> 2847035.5
A76: 2. Income Statement
B77: Income Statement Projections | R77: =CompanyName &" Annual Income Statement" -> Sustainsphere Annual Income Statement
B78: ="All Values in "&SubHeader -> All Values in EUR
B79: Assumption | C79: Bottom up Revenue and bottom up COGS values taken
R80: Full Forecast - Annual (6 years)
B81: Income Statement Projections
C82: Quarterly Cash Flow (years 1 and 2) | L82: Annual Cash Flow (years 3 to 6) | S82: Annual Projections
C83: Year 1 | G83: Year 2 | L83: Year 3 | M83: Year 4 | N83: Year 5 | O83: Year 6 | S83: Year 1 | T83: Year 2 | U83: Year 3 | V83: Year 4 | W83: Year 5 | X83: Year 6
C84: =StartDate -> 46023 | D84: =EDATE(C84,3) -> 46113 | E84: =EDATE(D84,3) -> 46204 | F84: =EDATE(E84,3) -> 46296 | G84: =EDATE(F84,3) -> 46388 | H84: =EDATE(G84,3) -> 46478 | I84: =EDATE(H84,3) -> 46569 | J84: =EDATE(I84,3) -> 46661 | L84: =EDATE(J84,3) -> 46753 | M84: =EDATE(L84,12) -> 47119 | N84: =EDATE(M84,12) -> 47484 | O84: =EDATE(N84,12) -> 47849 | S84: =C84 -> 46023 | T84: =G84 -> 46388 | U84: =L84 -> 46753 | V84: =M84 -> 47119 | W84: =N84 -> 47484 | X84: =O84 -> 47849
B86: Revenues | C86: =C15 -> 0 | D86: =D15 -> 0 | E86: =E15 -> 0 | F86: =F15 -> 0 | G86: =G15 -> 43701.216 | H86: =H15 -> 50589.62 | I86: =I15 -> 58563.809 | J86: =J15 -> 67794.929 | L86: =L15 -> 581722.15 | M86: =M15 -> 1044689.4 | N86: =N15 -> 1876112.1 | O86: =O15 -> 3369227.7 | R86: =B86 -> Revenues | S86: =SUM(C86:F86) -> 0 | T86: =SUM(G86:J86) -> 220649.57 | U86: =L86 -> 581722.15 | V86: =M86 -> 1044689.4 | W86: =N86 -> 1876112.1 | X86: =O86 -> 3369227.7
B87: COGS | C87: =C16 -> 0 | D87: =D16 -> 0 | E87: =E16 -> 0 | F87: =F16 -> 0 | G87: =G16 -> -2021.2962 | H87: =H16 -> -2339.9031 | I87: =I16 -> -2708.7303 | J87: =J16 -> -3135.6939 | L87: =L16 -> -23670.021 | M87: =M16 -> -44208.276 | N87: =N16 -> -82567.38 | O87: =O16 -> -154210.32 | R87: =B87 -> COGS | S87: =SUM(C87:F87) -> 0 | T87: =SUM(G87:J87) -> -10205.623 | U87: =L87 -> -23670.021 | V87: =M87 -> -44208.276 | W87: =N87 -> -82567.38 | X87: =O87 -> -154210.32
B88: Gross Profit | C88: =SUM(C86:C87) -> 0 | D88: =SUM(D86:D87) -> 0 | E88: =SUM(E86:E87) -> 0 | F88: =SUM(F86:F87) -> 0 | G88: =SUM(G86:G87) -> 41679.92 | H88: =SUM(H86:H87) -> 48249.717 | I88: =SUM(I86:I87) -> 55855.079 | J88: =SUM(J86:J87) -> 64659.236 | L88: =SUM(L86:L87) -> 558052.13 | M88: =SUM(M86:M87) -> 1000481.1 | N88: =SUM(N86:N87) -> 1793544.7 | O88: =SUM(O86:O87) -> 3215017.4 | R88: =B88 -> Gross Profit | S88: =SUM(C88:F88) -> 0 | T88: =SUM(G88:J88) -> 210443.95 | U88: =L88 -> 558052.13 | V88: =M88 -> 1000481.1 | W88: =N88 -> 1793544.7 | X88: =O88 -> 3215017.4
B89: Gross Margin | C89: =IF(C88>0,C88/C86,0) -> 0 | D89: =IF(D88>0,D88/D86,0) -> 0 | E89: =IF(E88>0,E88/E86,0) -> 0 | F89: =IF(F88>0,F88/F86,0) -> 0 | G89: =IF(G88>0,G88/G86,0) -> 0.95374737 | H89: =IF(H88>0,H88/H86,0) -> 0.95374737 | I89: =IF(I88>0,I88/I86,0) -> 0.95374737 | J89: =IF(J88>0,J88/J86,0) -> 0.95374737 | L89: =IF(L88>0,L88/L86,0) -> 0.95931044 | M89: =IF(M88>0,M88/M86,0) -> 0.95768285 | N89: =IF(N88>0,N88/N86,0) -> 0.95599017 | O89: =IF(O88>0,O88/O86,0) -> 0.95422977 | R89: =B89 -> Gross Margin | S89: =IF(S88>0,S88/S86,0) -> 0 | T89: =IF(T88>0,T88/T86,0) -> 0.95374737 | U89: =L89 -> 0.95931044 | V89: =M89 -> 0.95768285 | W89: =N89 -> 0.95599017 | X89: =O89 -> 0.95422977
B91: Operting Expenses | C91: =C17 -> -12750 | D91: =D17 -> -12750 | E91: =E17 -> -28062.5 | F91: =F17 -> -28062.5 | G91: =G17 -> -57442.5 | H91: =H17 -> -75255 | I91: =I17 -> -88117.5 | J91: =J17 -> -116292.5 | L91: =L17 -> -664314.8 | M91: =M17 -> -670365.48 | N91: =N17 -> -738415.82 | O91: =O17 -> -746074.41 | R91: =B91 -> Operting Expenses | S91: =SUM(C91:F91) -> -81625 | T91: =SUM(G91:J91) -> -337107.5 | U91: =L91 -> -664314.8 | V91: =M91 -> -670365.48 | W91: =N91 -> -738415.82 | X91: =O91 -> -746074.41
B92: EBITDA | C92: =SUM(C88,C91) -> -12750 | D92: =SUM(D88,D91) -> -12750 | E92: =SUM(E88,E91) -> -28062.5 | F92: =SUM(F88,F91) -> -28062.5 | G92: =SUM(G88,G91) -> -15762.58 | H92: =SUM(H88,H91) -> -27005.283 | I92: =SUM(I88,I91) -> -32262.421 | J92: =SUM(J88,J91) -> -51633.264 | L92: =SUM(L88,L91) -> -106262.67 | M92: =SUM(M88,M91) -> 330115.65 | N92: =SUM(N88,N91) -> 1055128.9 | O92: =SUM(O88,O91) -> 2468943 | R92: =B92 -> EBITDA | S92: =SUM(C92:F92) -> -81625 | T92: =SUM(G92:J92) -> -126663.55 | U92: =L92 -> -106262.67 | V92: =M92 -> 330115.65 | W92: =N92 -> 1055128.9 | X92: =O92 -> 2468943
B94: Depreciation/Amortisation | C94: =Operations!D412*-1 -> 0 | D94: =Operations!E412*-1 -> 0 | E94: =Operations!F412*-1 -> 0 | F94: =Operations!G412*-1 -> 0 | G94: =Operations!H412*-1 -> -1450 | H94: =Operations!I412*-1 -> -1450 | I94: =Operations!J412*-1 -> -1450 | J94: =Operations!K412*-1 -> -1450 | L94: =Operations!M412*-1 -> -5800 | M94: =Operations!N412*-1 -> -5800 | N94: =Operations!O412*-1 -> -5800 | O94: =Operations!P412*-1 -> -5800 | R94: =B94 -> Depreciation/Amortisation | S94: =SUM(C94:F94) -> 0 | T94: =SUM(G94:J94) -> -5800 | U94: =L94 -> -5800 | V94: =M94 -> -5800 | W94: =N94 -> -5800 | X94: =O94 -> -5800
B95: Operating Profit (EBIT) | C95: =SUM(C92,C94) -> -12750 | D95: =SUM(D92,D94) -> -12750 | E95: =SUM(E92,E94) -> -28062.5 | F95: =SUM(F92,F94) -> -28062.5 | G95: =SUM(G92,G94) -> -17212.58 | H95: =SUM(H92,H94) -> -28455.283 | I95: =SUM(I92,I94) -> -33712.421 | J95: =SUM(J92,J94) -> -53083.264 | L95: =SUM(L92,L94) -> -112062.67 | M95: =SUM(M92,M94) -> 324315.65 | N95: =SUM(N92,N94) -> 1049328.9 | O95: =SUM(O92,O94) -> 2463143 | R95: =B95 -> Operating Profit (EBIT) | S95: =SUM(C95:F95) -> -81625 | T95: =SUM(G95:J95) -> -132463.55 | U95: =L95 -> -112062.67 | V95: =M95 -> 324315.65 | W95: =N95 -> 1049328.9 | X95: =O95 -> 2463143
B97: Financing Expenses | C97: =C33 -> 0 | D97: =D33 -> 0 | E97: =E33 -> 0 | F97: =F33 -> 0 | G97: =G33 -> 0 | H97: =H33 -> 0 | I97: =I33 -> 0 | J97: =J33 -> 0 | L97: =L33 -> 0 | M97: =M33 -> 0 | N97: =N33 -> 0 | O97: =O33 -> 0 | R97: =B97 -> Financing Expenses | S97: =SUM(C97:F97) -> 0 | T97: =SUM(G97:J97) -> 0 | U97: =L97 -> 0 | V97: =M97 -> 0 | W97: =N97 -> 0 | X97: =O97 -> 0
B98: Profit before Tax | C98: =SUM(C95,C97) -> -12750 | D98: =SUM(D95,D97) -> -12750 | E98: =SUM(E95,E97) -> -28062.5 | F98: =SUM(F95,F97) -> -28062.5 | G98: =SUM(G95,G97) -> -17212.58 | H98: =SUM(H95,H97) -> -28455.283 | I98: =SUM(I95,I97) -> -33712.421 | J98: =SUM(J95,J97) -> -53083.264 | L98: =SUM(L95,L97) -> -112062.67 | M98: =SUM(M95,M97) -> 324315.65 | N98: =SUM(N95,N97) -> 1049328.9 | O98: =SUM(O95,O97) -> 2463143 | R98: =B98 -> Profit before Tax | S98: =SUM(C98:F98) -> -81625 | T98: =SUM(G98:J98) -> -132463.55 | U98: =L98 -> -112062.67 | V98: =M98 -> 324315.65 | W98: =N98 -> 1049328.9 | X98: =O98 -> 2463143
B100: Taxes | C100: =IF(C98/4>Operations!$D$352,C98*Operations!$D$351*-1,0) -> 0 | D100: =IF(D98/4>Operations!$D$352,D98*Operations!$D$351*-1,0) -> 0 | E100: =IF(E98/4>Operations!$D$352,E98*Operations!$D$351*-1,0) -> 0 | F100: =IF(F98/4>Operations!$D$352,F98*Operations!$D$351*-1,0) -> 0 | G100: =IF(G98/4>Operations!$D$352,G98*Operations!$D$351*-1,0) -> 0 | H100: =IF(H98/4>Operations!$D$352,H98*Operations!$D$351*-1,0) -> 0 | I100: =IF(I98/4>Operations!$D$352,I98*Operations!$D$351*-1,0) -> 0 | J100: =IF(J98/4>Operations!$D$352,J98*Operations!$D$351*-1,0) -> 0 | L100: =IF(L98>Operations!$D$352,L98*Operations!$D$351*-1,0) -> 0 | M100: =IF(M98>Operations!$D$352,M98*Operations!$D$351*-1,0) -> -48647.348 | N100: =IF(N98>Operations!$D$352,N98*Operations!$D$351*-1,0) -> -157399.33 | O100: =IF(O98>Operations!$D$352,O98*Operations!$D$351*-1,0) -> -369471.45 | R100: =B100 -> Taxes | S100: =SUM(C100:F100) -> 0 | T100: =SUM(G100:J100) -> 0 | U100: =L100 -> 0 | V100: =M100 -> -48647.348 | W100: =N100 -> -157399.33 | X100: =O100 -> -369471.45
B101: Profit after Tax (Net Income) | C101: =SUM(C98,C100) -> -12750 | D101: =SUM(D98,D100) -> -12750 | E101: =SUM(E98,E100) -> -28062.5 | F101: =SUM(F98,F100) -> -28062.5 | G101: =SUM(G98,G100) -> -17212.58 | H101: =SUM(H98,H100) -> -28455.283 | I101: =SUM(I98,I100) -> -33712.421 | J101: =SUM(J98,J100) -> -53083.264 | L101: =SUM(L98,L100) -> -112062.67 | M101: =SUM(M98,M100) -> 275668.3 | N101: =SUM(N98,N100) -> 891929.55 | O101: =SUM(O98,O100) -> 2093671.6 | R101: =B101 -> Profit after Tax (Net Income) | S101: =SUM(C101:F101) -> -81625 | T101: =SUM(G101:J101) -> -132463.55 | U101: =L101 -> -112062.67 | V101: =M101 -> 275668.3 | W101: =N101 -> 891929.55 | X101: =O101 -> 2093671.6
A103: 3. Balance Sheet
B104: Balance Sheet Projections | R104: =CompanyName &" Annual Balance Sheet" -> Sustainsphere Annual Balance Sheet
B105: ="All Values in "&SubHeader -> All Values in EUR
R107: Full Forecast - Annual (6 years)
B108: Balance Sheet Projections
C109: Quarterly Balance Sheet (years 1 and 2) | L109: Annual Balance Sheet (years 3 to 6) | S109: Annual Projections
C110: Year 1 | G110: Year 2 | L110: Year 3 | M110: Year 4 | N110: Year 5 | O110: Year 6 | S110: Year 1 | T110: Year 2 | U110: Year 3 | V110: Year 4 | W110: Year 5 | X110: Year 6
C111: =StartDate -> 46023 | D111: =EDATE(C111,3) -> 46113 | E111: =EDATE(D111,3) -> 46204 | F111: =EDATE(E111,3) -> 46296 | G111: =EDATE(F111,3) -> 46388 | H111: =EDATE(G111,3) -> 46478 | I111: =EDATE(H111,3) -> 46569 | J111: =EDATE(I111,3) -> 46661 | L111: =EDATE(J111,3) -> 46753 | M111: =EDATE(L111,12) -> 47119 | N111: =EDATE(M111,12) -> 47484 | O111: =EDATE(N111,12) -> 47849 | S111: =C111 -> 46023 | T111: =G111 -> 46388 | U111: =L111 -> 46753 | V111: =M111 -> 47119 | W111: =N111 -> 47484 | X111: =O111 -> 47849
B113: Assets | R113: =B113 -> Assets
B114: Cash | C114: =C38 -> 87250 | D114: =D38 -> 74500 | E114: =E38 -> 46437.5 | F114: =F38 -> 18375 | G114: =G38 -> 269044.76 | H114: =H38 -> 241319.5 | I114: =I38 -> 208223.61 | J114: =J38 -> 155625.51 | L114: =L38 -> 441159.68 | M114: =M38 -> 910506.64 | N114: =N38 -> 1886508.4 | O114: =O38 -> 3947035.5 | R114: =B114 -> Cash | S114: =F114 -> 18375 | T114: =J114 -> 155625.51 | U114: =L114 -> 441159.68 | V114: =M114 -> 910506.64 | W114: =N114 -> 1886508.4 | X114: =O114 -> 3947035.5
B115: Fixed Assets | C115: =Operations!D448 -> 0 | D115: =Operations!E448 -> 0 | E115: =Operations!F448 -> 0 | F115: =Operations!G448 -> 0 | G115: =Operations!H448 -> 29000 | H115: =Operations!I448 -> 27550 | I115: =Operations!J448 -> 26100 | J115: =Operations!K448 -> 24650 | L115: =Operations!M448 -> 23200 | M115: =Operations!N448 -> 17400 | N115: =Operations!O448 -> 11600 | O115: =Operations!P448 -> 5800 | R115: =B115 -> Fixed Assets | S115: =F115 -> 0 | T115: =J115 -> 24650 | U115: =L115 -> 23200 | V115: =M115 -> 17400 | W115: =N115 -> 11600 | X115: =O115 -> 5800
B116: Depreciation | C116: =C94 -> 0 | D116: =D94 -> 0 | E116: =E94 -> 0 | F116: =F94 -> 0 | G116: =G94 -> -1450 | H116: =H94 -> -1450 | I116: =I94 -> -1450 | J116: =J94 -> -1450 | L116: =L94 -> -5800 | M116: =M94 -> -5800 | N116: =N94 -> -5800 | O116: =O94 -> -5800 | R116: =B116 -> Depreciation | S116: =F116 -> 0 | T116: =J116 -> -1450 | U116: =L116 -> -5800 | V116: =M116 -> -5800 | W116: =N116 -> -5800 | X116: =O116 -> -5800
B117: =Operations!C528 -> Accounts Receivable | C117: =Operations!D528 -> 0 | D117: =Operations!E528 -> 0 | E117: =Operations!F528 -> 0 | F117: =Operations!G528 -> 0 | G117: =Operations!H528 -> 4789.1744 | H117: =Operations!I528 -> 5544.068 | I117: =Operations!J528 -> 6417.9517 | J117: =Operations!K528 -> 7429.5813 | L117: =Operations!M528 -> 15937.593 | M117: =Operations!N528 -> 28621.628 | N117: =Operations!O528 -> 51400.331 | O117: =Operations!P528 -> 92307.61 | R117: =B117 -> Accounts Receivable | S117: =F117 -> 0 | T117: =J117 -> 7429.5813 | U117: =L117 -> 15937.593 | V117: =M117 -> 28621.628 | W117: =N117 -> 51400.331 | X117: =O117 -> 92307.61
B118: =Operations!C529 -> Inventories | C118: =Operations!D529 -> 0 | D118: =Operations!E529 -> 0 | E118: =Operations!F529 -> 0 | F118: =Operations!G529 -> 0 | G118: =Operations!H529 -> 0 | H118: =Operations!I529 -> 0 | I118: =Operations!J529 -> 0 | J118: =Operations!K529 -> 0 | L118: =Operations!M529 -> 0 | M118: =Operations!N529 -> 0 | N118: =Operations!O529 -> 0 | O118: =Operations!P529 -> 0 | R118: =B118 -> Inventories | S118: =F118 -> 0 | T118: =J118 -> 0 | U118: =L118 -> 0 | V118: =M118 -> 0 | W118: =N118 -> 0 | X118: =O118 -> 0
B119: Total Assets | C119: =SUM(C114:C118) -> 87250 | D119: =SUM(D114:D118) -> 74500 | E119: =SUM(E114:E118) -> 46437.5 | F119: =SUM(F114:F118) -> 18375 | G119: =SUM(G114:G118) -> 301383.93 | H119: =SUM(H114:H118) -> 272963.56 | I119: =SUM(I114:I118) -> 239291.56 | J119: =SUM(J114:J118) -> 186255.09 | L119: =SUM(L114:L118) -> 474497.28 | M119: =SUM(M114:M118) -> 950728.27 | N119: =SUM(N114:N118) -> 1943708.8 | O119: =SUM(O114:O118) -> 4039343.1 | R119: =B119 -> Total Assets | S119: =F119 -> 18375 | T119: =J119 -> 186255.09 | U119: =L119 -> 474497.28 | V119: =M119 -> 950728.27 | W119: =N119 -> 1943708.8 | X119: =O119 -> 4039343.1
B121: Liabilities | R121: =B121 -> Liabilities
B122: Debt | C122: =Operations!D595 -> 0 | D122: =Operations!E595 -> 0 | E122: =Operations!F595 -> 0 | F122: =Operations!G595 -> 0 | G122: =Operations!H595 -> 0 | H122: =Operations!I595 -> 0 | I122: =Operations!J595 -> 0 | J122: =Operations!K595 -> 0 | L122: =Operations!M595 -> 0 | M122: =Operations!N595 -> 0 | N122: =Operations!O595 -> 0 | O122: =Operations!P595 -> 0 | R122: =B122 -> Debt | S122: =F122 -> 0 | T122: =J122 -> 0 | U122: =L122 -> 0 | V122: =M122 -> 0 | W122: =N122 -> 0 | X122: =O122 -> 0
B123: =Operations!C533 -> Accounts Payable | C123: =Operations!D533 -> 0 | D123: =Operations!E533 -> 0 | E123: =Operations!F533 -> 0 | F123: =Operations!G533 -> 0 | G123: =Operations!H533 -> 221.51192 | H123: =Operations!I533 -> 256.42773 | I123: =Operations!J533 -> 296.84715 | J123: =Operations!K533 -> 343.63769 | L123: =Operations!M533 -> 648.49373 | M123: =Operations!N533 -> 1211.1856 | N123: =Operations!O533 -> 2262.12 | O123: =Operations!P533 -> 4224.9402 | R123: =B123 -> Accounts Payable | S123: =F123 -> 0 | T123: =J123 -> 343.63769 | U123: =L123 -> 648.49373 | V123: =M123 -> 1211.1856 | W123: =N123 -> 2262.12 | X123: =O123 -> 4224.9402
B124: Total Liabilities | C124: =SUM(C122:C123) -> 0 | D124: =SUM(D122:D123) -> 0 | E124: =SUM(E122:E123) -> 0 | F124: =SUM(F122:F123) -> 0 | G124: =SUM(G122:G123) -> 221.51192 | H124: =SUM(H122:H123) -> 256.42773 | I124: =SUM(I122:I123) -> 296.84715 | J124: =SUM(J122:J123) -> 343.63769 | L124: =SUM(L122:L123) -> 648.49373 | M124: =SUM(M122:M123) -> 1211.1856 | N124: =SUM(N122:N123) -> 2262.12 | O124: =SUM(O122:O123) -> 4224.9402 | R124: =B124 -> Total Liabilities | S124: =F124 -> 0 | T124: =J124 -> 343.63769 | U124: =L124 -> 648.49373 | V124: =M124 -> 1211.1856 | W124: =N124 -> 2262.12 | X124: =O124 -> 4224.9402
B125: Equity Value | C125: =C119-C124 -> 87250 | D125: =D119-D124 -> 74500 | E125: =E119-E124 -> 46437.5 | F125: =F119-F124 -> 18375 | G125: =G119-G124 -> 301162.42 | H125: =H119-H124 -> 272707.14 | I125: =I119-I124 -> 238994.72 | J125: =J119-J124 -> 185911.45 | L125: =L119-L124 -> 473848.78 | M125: =M119-M124 -> 949517.09 | N125: =N119-N124 -> 1941446.6 | O125: =O119-O124 -> 4035118.2 | R125: =B125 -> Equity Value | S125: =F125 -> 18375 | T125: =J125 -> 185911.45 | U125: =L125 -> 473848.78 | V125: =M125 -> 949517.09 | W125: =N125 -> 1941446.6 | X125: =O125 -> 4035118.2
B126: Equity and Total Liabilities | C126: =C125+C124 -> 87250 | D126: =D125+D124 -> 74500 | E126: =E125+E124 -> 46437.5 | F126: =F125+F124 -> 18375 | G126: =G125+G124 -> 301383.93 | H126: =H125+H124 -> 272963.56 | I126: =I125+I124 -> 239291.56 | J126: =J125+J124 -> 186255.09 | L126: =L125+L124 -> 474497.28 | M126: =M125+M124 -> 950728.27 | N126: =N125+N124 -> 1943708.8 | O126: =O125+O124 -> 4039343.1 | R126: Equity and Total Liabilities | S126: =S125+S124 -> 18375 | T126: =T125+T124 -> 186255.09 | U126: =U125+U124 -> 474497.28 | V126: =V125+V124 -> 950728.27 | W126: =W125+W124 -> 1943708.8 | X126: =X125+X124 -> 4039343.1
A129: 4. Profitability Chart
B130: Additional Charts
B131: =SubHeader -> EUR
B133: Measures of Profitability
C134: Quarterly Profit (years 1 and 2) | L134: Annual Profit (years 3 to 6) | S134: Annual Projections
C135: Year 1 | G135: Year 2 | L135: Year 3 | M135: Year 4 | N135: Year 5 | O135: Year 6 | S135: Year 1 | T135: Year 2 | U135: Year 3 | V135: Year 4 | W135: Year 5 | X135: Year 6
C136: =StartDate -> 46023 | D136: =EDATE(C136,3) -> 46113 | E136: =EDATE(D136,3) -> 46204 | F136: =EDATE(E136,3) -> 46296 | G136: =EDATE(F136,3) -> 46388 | H136: =EDATE(G136,3) -> 46478 | I136: =EDATE(H136,3) -> 46569 | J136: =EDATE(I136,3) -> 46661 | L136: =EDATE(J136,3) -> 46753 | M136: =EDATE(L136,12) -> 47119 | N136: =EDATE(M136,12) -> 47484 | O136: =EDATE(N136,12) -> 47849 | S136: =C136 -> 46023 | T136: =G136 -> 46388 | U136: =L136 -> 46753 | V136: =M136 -> 47119 | W136: =N136 -> 47484 | X136: =O136 -> 47849
B137: Gross Profit | C137: =C88 -> 0 | D137: =D88 -> 0 | E137: =E88 -> 0 | F137: =F88 -> 0 | G137: =G88 -> 41679.92 | H137: =H88 -> 48249.717 | I137: =I88 -> 55855.079 | J137: =J88 -> 64659.236 | L137: =L88 -> 558052.13 | M137: =M88 -> 1000481.1 | N137: =N88 -> 1793544.7 | O137: =O88 -> 3215017.4 | R137: =B137 -> Gross Profit | S137: =SUM(C137:F137) -> 0 | T137: =SUM(G137:J137) -> 210443.95 | U137: =L137 -> 558052.13 | V137: =M137 -> 1000481.1 | W137: =N137 -> 1793544.7 | X137: =O137 -> 3215017.4
B138: EBITDA | C138: =C92 -> -12750 | D138: =D92 -> -12750 | E138: =E92 -> -28062.5 | F138: =F92 -> -28062.5 | G138: =G92 -> -15762.58 | H138: =H92 -> -27005.283 | I138: =I92 -> -32262.421 | J138: =J92 -> -51633.264 | L138: =L92 -> -106262.67 | M138: =M92 -> 330115.65 | N138: =N92 -> 1055128.9 | O138: =O92 -> 2468943 | R138: =B138 -> EBITDA | S138: =SUM(C138:F138) -> -81625 | T138: =SUM(G138:J138) -> -126663.55 | U138: =L138 -> -106262.67 | V138: =M138 -> 330115.65 | W138: =N138 -> 1055128.9 | X138: =O138 -> 2468943
B139: Operating Profit (EBIT) | C139: =C95 -> -12750 | D139: =D95 -> -12750 | E139: =E95 -> -28062.5 | F139: =F95 -> -28062.5 | G139: =G95 -> -17212.58 | H139: =H95 -> -28455.283 | I139: =I95 -> -33712.421 | J139: =J95 -> -53083.264 | L139: =L95 -> -112062.67 | M139: =M95 -> 324315.65 | N139: =N95 -> 1049328.9 | O139: =O95 -> 2463143 | R139: =B139 -> Operating Profit (EBIT) | S139: =SUM(C139:F139) -> -81625 | T139: =SUM(G139:J139) -> -132463.55 | U139: =L139 -> -112062.67 | V139: =M139 -> 324315.65 | W139: =N139 -> 1049328.9 | X139: =O139 -> 2463143
B140: Profit before Tax | C140: =C98 -> -12750 | D140: =D98 -> -12750 | E140: =E98 -> -28062.5 | F140: =F98 -> -28062.5 | G140: =G98 -> -17212.58 | H140: =H98 -> -28455.283 | I140: =I98 -> -33712.421 | J140: =J98 -> -53083.264 | L140: =L98 -> -112062.67 | M140: =M98 -> 324315.65 | N140: =N98 -> 1049328.9 | O140: =O98 -> 2463143 | R140: =B140 -> Profit before Tax | S140: =SUM(C140:F140) -> -81625 | T140: =SUM(G140:J140) -> -132463.55 | U140: =L140 -> -112062.67 | V140: =M140 -> 324315.65 | W140: =N140 -> 1049328.9 | X140: =O140 -> 2463143
B141: Profit after Tax (Net Income) | C141: =C101 -> -12750 | D141: =D101 -> -12750 | E141: =E101 -> -28062.5 | F141: =F101 -> -28062.5 | G141: =G101 -> -17212.58 | H141: =H101 -> -28455.283 | I141: =I101 -> -33712.421 | J141: =J101 -> -53083.264 | L141: =L101 -> -112062.67 | M141: =M101 -> 275668.3 | N141: =N101 -> 891929.55 | O141: =O101 -> 2093671.6 | R141: =B141 -> Profit after Tax (Net Income) | S141: =SUM(C141:F141) -> -81625 | T141: =SUM(G141:J141) -> -132463.55 | U141: =L141 -> -112062.67 | V141: =M141 -> 275668.3 | W141: =N141 -> 891929.55 | X141: =O141 -> 2093671.6
A147: 5. DCF Valuation
R148: Discounted Cash Flow Valuation (DCF) (based on required company growth rate)
R149: ="DCF ("&SubHeader&")" -> DCF (EUR)
R151: Inputs and Assumptions
R152: Discount Rate | S152: 0.15
R153: Company Growth Rate | S153: 0.05
R155: Free Cash Flow and Terminal Value
...

Sheet Valuation
A1: Q.2. Valuation Based on Comparables
A2: Input:Comparable Company Valuation Data
B3: Comparable Company Valuation Data
B4: Data as on 31 December 2024 | E4: (dollars in millions)
B5: *Values as per Yahoo Finance
B6: Company Name (Ticker) | C6: Enterprise Value* (EV) | D6: Revenue* (Latest or Forward) | E6: EBITDA* (Normalized) | F6: EV/Revenue | G6: EV/EBITDA | H6: EV/Revenue as per Yahoo Finance | I6: EV/EBITDA as per Yahoo Finance
B7: S&P Global (SPGI) | C7: =163.53*1000 -> 163530 | D7: 14208 | E7: 6718 | F7: =IF(D7=0,0,C7/D7) -> 11.509713 | G7: =C7/E7 -> 24.342066 | H7: 11.88 | I7: 25.9
B8: Blackbaud (BLKB) | C8: 4640 | D8: =1155495*1000/1000000 -> 1155.495 | E8: =270581/1000 -> 270.581 | F8: =IF(D8=0,0,C8/D8) -> 4.015595 | G8: =C8/E8 -> 17.148285 | H8: 4.04 | I8: 17.82
B9: ServiceNow (NOW) | C9: =215.85*1000 -> 215850 | D9: =10984000*1000/1000000 -> 10984 | E9: =2325000/1000 -> 2325 | F9: =IF(D9=0,0,C9/D9) -> 19.651311 | G9: =C9/E9 -> 92.83871 | H9: 20.63 | I9: 97.67
B10: Salesforce(CRM) | C10: =277.31*1000 -> 277310 | D10: 34857 | E10: 11223 | F10: =IF(D10=0,0,C10/D10) -> 7.9556474 | G10: =C10/E10 -> 24.70908 | H10: 7.6 | I10: 26.28
B11: IBM (IBM) | C11: =250.05*1000 -> 250050 | D11: 62753 | E11: 12317 | F11: =IF(D11=0,0,C11/D11) -> 3.9846701 | G11: =C11/E11 -> 20.30121 | H11: 4 | I11: 19.77
B12: Summary Statistics
B13: Mean | C13: =AVERAGE(C7:C10) -> 165332.5 | D13: =AVERAGE(D7:D10) -> 15301.124 | E13: =AVERAGE(E7:E10) -> 5134.1452 | F13: =AVERAGE(F7:F10) -> 10.783067 | G13: =AVERAGE(G7:G10) -> 39.759535
B14: Median | C14: =MEDIAN(C7:C10) -> 189690 | D14: =MEDIAN(D7:D10) -> 12596 | E14: =MEDIAN(E7:E10) -> 4521.5 | F14: =MEDIAN(F7:F10) -> 9.7326801 | G14: =MEDIAN(G7:G10) -> 24.525573
B17: Company descriptions: | C17: Parameters for selection: ESG/impact software + ESG data/trust infrastructure + Public + Positive EBITDA
B18: S&P Global (SPGI) | C18: S&P Global supplies ESG data, benchmarks, and ratings used by enterprises and stakeholders to assess sustainability performance. Similar to Sustainsphere, it monetize trust, standardization, and credibility of ESG/impact data, though SustainSphere is execution-oriented rather than rating-only.
B19: Blackbaud (BLKB) | C19: Blackbaud provides software platforms connecting nonprofits, foundations, and corporate donors to manage giving, impact, and reporting at scale.Like SustainSphere, Blackbaud operates at the intersection of corporates and social-impact organizations, enabling measurable and reportable impact.
B20: ServiceNow (NOW) | C20: ServiceNow is an enterprise workflow platform that digitizes governance, compliance, and operational processes across large organizations. SustainSphere similarly digitizes and automates CSR partner discovery, verification, execution, and reporting workflows for enterprises.
B21: Salesforce(CRM) | C21: Salesforce operates a large-scale enterprise platform combining data, workflows, analytics, and ecosystem connectivity, including sustainability and ESG modules. It relies on platform economics, network effects, and visibility dashboards to create recurring value for enterprise customers just like the aims of Sustainsphere.
B22: IBM (IBM) | C22: IBM provides enterprise software and data platforms, including ESG and sustainability reporting solutions through acquisitions like Envizi. IBM represents the ESG infrastructure and verification layer that SustainSphere aims to offer in a more focused, CSR-network-centric form.
A25: 1. VCM Valuation (based on Company Comparables)
B26: Venture Capital Model based on Company Comparables Method
B28: Inputs | C28: =H49 -> 47849 | G28: Highest Ratio | H28: =IF($E$29="EV/Revenue",MAX($F$7:$F$11),MAX($G$7:$G$11)) -> 92.83871
B29: Revenue of the last Year | C29: =H50 -> 3369227.7 | D29: Calculate by ratio | E29: EV/EBITDA | G29: Lowest Ratio | H29: =IF($E$29="EV/Revenue", _xlfn.MINIFS($F$7:$F$11,$F$7:$F$11,">0"), _xlfn.MINIFS($G$7:$G$11,$G$7:$G$11,">0") ) -> 17.148285 | R29: 0.3
B30: Multiple | C30: =H32 -> 24.525573 | D30: Take | E30: Median Ratio | G30: Mean Ratio | H30: =IF($E$29="EV/Revenue",$F$13,$G$13) -> 39.759535 | R30: 0.32
B31: Discount rate | C31: 0.12 | G31: Median Ratio | H31: =IF($E$29="EV/Revenue",$F$14,$G$14) -> 24.525573 | R31: 0.34
G32: Selected Ratio | H32: =IFERROR(VLOOKUP(E30, G28:H31, 2, FALSE), "Not Found") -> 24.525573 | R32: 0.36
B33: Calculations | R33: 0.38
B34: Estimated exit value | C34: =C29*C30*0.7 -> 57842568 | D34: Assumption: Metric multiple discounted by 30% for public companies | R34: 0.42
B35: Net Present Value of the Company | C35: =C34*H54 -> 29304845 | R35: 0.44
C37: VCM Sensitivity Analysis
D38: Using EV/Revenue | F38: Using EV/EBITDA
D39: Ratio | E39: NPV using EV/Revenue Multiple | F39: Ratio | G39: NPV using EV/EBITDA multiple
C40: Highest Ratio | D40: 19.65 | E40: =$C$29*D40*0.7*$H$54 -> 23479175 | F40: 92.84 | G40: =$C$29*F40*0.7*$H$54 -> 1.1093163e+08
C41: Lowest Ratio | D41: 3.98 | E41: =$C$29*D41*0.7*$H$54 -> 4755578.4 | F41: 17.15 | G41: =$C$29*F41*0.7*$H$54 -> 20492002
C42: Mean Ratio | D42: 10.78 | E42: =$C$29*D42*0.7*$H$54 -> 12880687 | F42: 39.76 | G42: =$C$29*F42*0.7*$H$54 -> 47507989
C43: Median Ratio | D43: 9.73 | E43: =$C$29*D43*0.7*$H$54 -> 11626075 | F43: 24.53 | G43: =$C$29*F43*0.7*$H$54 -> 29310135
A45: 2. DCF Valuation (based on Company Comparables)
B46: Valuation with the Discounted Cash Flow method (based on Company Comparables)
B47: Discount rate | C47: 0.12 | D47: Calculate by ratio | E47: EV/Revenue | G47: Take | H47: Median Ratio | I47: Highest Ratio | J47: =IF($E$47="EV/Revenue",MAX($F$7:$F$11),MAX($G$7:$G$11)) -> 19.651311 | L47: Mean | M47: =J13 -> 0
C48: Annual Projections | I48: Lowest Ratio | J48: =IF($E$47="EV/Revenue", _xlfn.MINIFS($F$7:$F$11,$F$7:$F$11,">0"), _xlfn.MINIFS($G$7:$G$11,$G$7:$G$11,">0") ) -> 3.9846701
C49: =Statements!S158 -> 46023 | D49: =Statements!T158 -> 46388 | E49: =Statements!U158 -> 46753 | F49: =Statements!V158 -> 47119 | G49: =Statements!W158 -> 47484 | H49: =Statements!X158 -> 47849 | I49: Mean Ratio | J49: =IF($E$47="EV/Revenue",$F$13,$G$13) -> 10.783067
B50: Revenue | C50: =Statements!T15 -> 0 | D50: =Statements!U15 -> 220649.57 | E50: =Statements!V15 -> 581722.15 | F50: =Statements!W15 -> 1044689.4 | G50: =Statements!X15 -> 1876112.1 | H50: =Statements!Y15 -> 3369227.7 | I50: Median Ratio | J50: =IF($E$47="EV/Revenue",$F$14,$G$14) -> 9.7326801
B51: EBITDA | C51: =Statements!S138 -> -81625 | D51: =Statements!T138 -> -126663.55 | E51: =Statements!U138 -> -106262.67 | F51: =Statements!V138 -> 330115.65 | G51: =Statements!W138 -> 1055128.9 | H51: =Statements!X138 -> 2468943 | I51: Selected Ratio | J51: =IFERROR(VLOOKUP(H47, I47:J50, 2, FALSE), "Not Found") -> 9.7326801
B52: EBIT | C52: =Statements!S139 -> -81625 | D52: =Statements!T139 -> -132463.55 | E52: =Statements!U139 -> -112062.67 | F52: =Statements!V139 -> 324315.65 | G52: =Statements!W139 -> 1049328.9 | H52: =Statements!X139 -> 2463143
B53: Free Cash Flow | C53: =Statements!S166 -> -81625 | D53: =Statements!T166 -> -162749.49 | E53: =Statements!U166 -> -114465.82 | F53: =Statements!V166 -> 269346.96 | G53: =Statements!W166 -> 876001.78 | H53: =Statements!X166 -> 2060527.1 | M53: 0.03
B54: Discount factor | C54: =1/(1+$C$47)^1 -> 0.89285714 | D54: =1/(1+$C$47)^2 -> 0.79719388 | E54: =1/(1+$C$47)^3 -> 0.71178025 | F54: =1/(1+$C$47)^4 -> 0.63551808 | G54: =1/(1+$C$47)^5 -> 0.56742686 | H54: =1/(1+$C$47)^6 -> 0.50663112 | M54: 0.04
B55: Discounted free cash flows | C55: =C53*C54 -> -72879.464 | D55: =D53*D54 -> -129742.9 | E55: =E53*E54 -> -81474.513 | F55: =F53*F54 -> 171174.86 | G55: =G53*G54 -> 497066.94 | H55: =H53*H54 -> 1043927.2 | M55: 0.05
B56: Exit Enterprise Value | C56: =H50*J51*0.7 -> 22954131 | D56: Assumption: Metric multiple discounted by 30% for public companies | M56: 0.01
B57: Net Present Value of Exit Enterprise Value | C57: =C56*H54 -> 11629277
B58: Net Present Value of the Company | C58: =SUM(C55:H55)+C57 -> 13057349
M59: 0.12
C61: DCF Sensitivity Analysis
D62: Using EV/Revenue | F62: Using EV/EBITDA
D63: Ratio | E63: NPV using EV/Revenue Multiple | F63: Ratio | G63: NPV using EV/EBITDA multiple
C64: Highest Ratio | D64: 19.65 | E64: =SUM($C$55:$H$55)+$H$50*D64*0.7*$H$54 -> 24907247 | F64: 92.84 | G64: =SUM($C$55:$H$55)+$H$50*F64*0.7*$H$54 -> 1.123597e+08
C65: Lowest Ratio | D65: 3.98 | E65: =SUM($C$55:$H$55)+$H$50*D65*0.7*$H$54 -> 6183650.5 | F65: 17.15 | G65: 21918025
C66: Mean Ratio | D66: 10.78 | E66: =SUM($C$55:$H$55)+$H$50*D66*0.7*$H$54 -> 14308759 | F66: 39.76 | G66: 48935506
C67: Median Ratio | D67: 9.73 | E67: =SUM($C$55:$H$55)+$H$50*D67*0.7*$H$54 -> 13054147 | F67: 24.53 | G67: 30732917

Sheet Cap Table
C1: Q.3. & Q. 4. Cap Table | D1: Start | E1: Pre-Seed | F1: Seed | G1: Series A | H1: Series B | I1: Series C
A4: 1 | C4: Inputs
E5: Pre-Seed | F5: Seed | G5: Series A | H5: Series B | I5: Series C
C6: Timing | E6: =Operations!E552 -> 46023 | F6: =Operations!E553 -> 46388 | G6: =Operations!E554 -> 46753 | H6: =Operations!E555 -> 47119 | I6: =Operations!E556 -> 47484
C7: ESOP | D7: 0 | E7: 0 | F7: 0 | G7: 0 | H7: 0 | I7: 0
C8: Price Per Share | E8: =IF(Operations!F552>0,Operations!F552,E9/D23) -> 1.0111111 | F8: =IF(Operations!F553>0,Operations!F553,F9/E23) -> 2.002 | G8: =IF(Operations!F554>0,Operations!F554,G9/F23) -> 7 | H8: =IF(Operations!F555>0,Operations!F555,H9/G23) -> 14 | I8: =IF(Operations!F556>0,Operations!F556,I9/H23) -> 20
C9: Pre-Money Valuation | E9: =E12-E10 -> 1011111.1 | F9: =F12-F10 -> 2200000 | G9: =G12-G10 -> 8741258.7 | H9: =H12-H10 -> 18282517 | I9: =I12-I10 -> 26403596
C10: New Capital/Round Investment | E10: =Operations!D552 -> 100000 | F10: =Operations!D553 -> 300000 | G10: =Operations!D554 -> 400000 | H10: =Operations!D555 -> 200000 | I10: =Operations!D556 -> 100000
C11: Round Ownership Percentage | E11: =IF(Operations!G552>0,Operations!G552,E54) -> 0.09 | F11: =IF(Operations!G553>0,Operations!G553,F55) -> 0.12 | G11: =IF(Operations!G554>0,Operations!G554,G56) -> 0.04375765 | H11: =IF(Operations!G555>0,Operations!G555,H57) -> 0.010821037 | I11: =IF(Operations!G556>0,Operations!G556,I58) -> 0.0037730728
C12: Post Money Valuation | E12: =IF(E11>0,E10/E11,0) -> 1111111.1 | F12: =IF(F11>0,F10/F11,0) -> 2500000 | G12: =IF(G11>0,G10/G11,0) -> 9141258.7 | H12: =IF(H11>0,H10/H11,0) -> 18482517 | I12: =IF(I11>0,I10/I11,0) -> 26503596
C13: New Shares | E13: =IF(E8>0,E10/E8,0) -> 98901.099 | F13: =IF(F8>0,F10/F8,0) -> 149850.15 | G13: =IF(G8>0,G10/G8,0) -> 57142.857 | H13: =IF(H8>0,H10/H8,0) -> 14285.714 | I13: =IF(I8>0,I10/I8,0) -> 5000
C14: Conditional attainment probability | E14: 0.9 | F14: 0.8 | G14: 0.7 | H14: 0.5 | I14: 0.1
C15: Risk adjusted Expected Capital raised based on conditional | E15: =E14*E10 -> 90000 | F15: =F14*F10 -> 240000 | G15: =G14*G10 -> 280000 | H15: =H14*H10 -> 100000 | I15: =I14*I10 -> 10000
A21: 2 | C21: Shares
C23: Total Shares | D23: =D25+D32+D39 -> 1000000 | E23: =E25+E32+E39 -> 1098901.1 | F23: =F25+F32+F39 -> 1248751.2 | G23: =G25+G32+G39 -> 1305894.1 | H23: =H25+H32+H39 -> 1320179.8 | I23: =I25+I32+I39 -> 1325179.8
C25: Founders Total Share | D25: =SUM(D26:D30) -> 1000000 | E25: =SUM(E26:E30) -> 1000000 | F25: =SUM(F26:F30) -> 1000000 | G25: =SUM(G26:G30) -> 1000000 | H25: =SUM(H26:H30) -> 1000000 | I25: =SUM(I26:I30) -> 1000000
C26: Founder #1 | D26: 200000 | E26: =D26 -> 200000 | F26: =E26 -> 200000 | G26: =F26 -> 200000 | H26: =G26 -> 200000 | I26: =H26 -> 200000
C27: Founder #2 | D27: 200000 | E27: =D27 -> 200000 | F27: =E27 -> 200000 | G27: =F27 -> 200000 | H27: =G27 -> 200000 | I27: =H27 -> 200000
C28: Founder #3 | D28: 200000 | E28: =D28 -> 200000 | F28: =E28 -> 200000 | G28: =F28 -> 200000 | H28: =G28 -> 200000 | I28: =H28 -> 200000
C29: Founder #4 | D29: 200000 | E29: =D29 -> 200000 | F29: =E29 -> 200000 | G29: =F29 -> 200000 | H29: =G29 -> 200000 | I29: =H29 -> 200000
C30: Founder #5 | D30: 200000 | E30: =D30 -> 200000 | F30: =E30 -> 200000 | G30: =F30 -> 200000 | H30: =G30 -> 200000 | I30: =H30 -> 200000
C32: Investors | D32: =SUM(D33:D37) -> 0 | E32: =SUM(E33:E37) -> 98901.099 | F32: =SUM(F33:F37) -> 248751.25 | G32: =SUM(G33:G37) -> 305894.11 | H32: =SUM(H33:H37) -> 320179.82 | I32: =SUM(I33:I37) -> 325179.82
C33: Pre-Seed Investors | D33: 0 | E33: =E13 -> 98901.099 | F33: =E33 -> 98901.099 | G33: =F33 -> 98901.099 | H33: =G33 -> 98901.099 | I33: =H33 -> 98901.099
C34: Seed Investors | D34: 0 | E34: 0 | F34: =F13 -> 149850.15 | G34: =F34 -> 149850.15 | H34: =G34 -> 149850.15 | I34: =H34 -> 149850.15
C35: Series A Investors | D35: 0 | E35: 0 | F35: 0 | G35: =G13 -> 57142.857 | H35: =G35 -> 57142.857 | I35: =H35 -> 57142.857
C36: Series B Investors | D36: 0 | E36: 0 | F36: 0 | G36: 0 | H36: =H13 -> 14285.714 | I36: =H36 -> 14285.714
C37: Series C Investors | D37: 0 | E37: 0 | F37: 0 | G37: 0 | H37: 0 | I37: =I13 -> 5000
C39: Stock Option Pool (ESOP) | D39: =D7 -> 0 | E39: =E7 -> 0 | F39: =F7 -> 0 | G39: =G7 -> 0 | H39: =H7 -> 0 | I39: =I7 -> 0
A42: 3 | C42: Equity Ownership
C44: Total | D44: =D46+D53+D60 -> 1 | E44: =E46+E53+E60 -> 1 | F44: =F46+F53+F60 -> 1 | G44: =G46+G53+G60 -> 1 | H44: =H46+H53+H60 -> 1 | I44: =I46+I53+I60 -> 1
C46: Founders | D46: =SUM(D47:D51) -> 1 | E46: =SUM(E47:E51) -> 0.91 | F46: =SUM(F47:F51) -> 0.8008 | G46: =SUM(G47:G51) -> 0.76575887 | H46: =SUM(H47:H51) -> 0.75747257 | I46: =SUM(I47:I51) -> 0.75461457
C47: Founder #1 | D47: =D26/$D$23 -> 0.2 | E47: =E26/$E$23 -> 0.182 | F47: =F26/$F$23 -> 0.16016 | G47: =G26/$G$23 -> 0.15315177 | H47: =H26/$H$23 -> 0.15149451 | I47: =I26/$I$23 -> 0.15092291
C48: Founder #2 | D48: =D27/$D$23 -> 0.2 | E48: =E27/$E$23 -> 0.182 | F48: =F27/$F$23 -> 0.16016 | G48: =G27/$G$23 -> 0.15315177 | H48: =H27/$H$23 -> 0.15149451 | I48: =I27/$I$23 -> 0.15092291
C49: Founder #3 | D49: =D28/$D$23 -> 0.2 | E49: =E28/$E$23 -> 0.182 | F49: =F28/$F$23 -> 0.16016 | G49: =G28/$G$23 -> 0.15315177 | H49: =H28/$H$23 -> 0.15149451 | I49: =I28/$I$23 -> 0.15092291
C50: Founder #4 | D50: =D29/$D$23 -> 0.2 | E50: =E29/$E$23 -> 0.182 | F50: =F29/$F$23 -> 0.16016 | G50: =G29/$G$23 -> 0.15315177 | H50: =H29/$H$23 -> 0.15149451 | I50: =I29/$I$23 -> 0.15092291
C51: Founder #5 | D51: =D30/$D$23 -> 0.2 | E51: =E30/$E$23 -> 0.182 | F51: =F30/$F$23 -> 0.16016 | G51: =G30/$G$23 -> 0.15315177 | H51: =H30/$H$23 -> 0.15149451 | I51: =I30/$I$23 -> 0.15092291
C53: Investors | D53: =SUM(D54:D58) -> 0 | E53: =SUM(E54:E58) -> 0.09 | F53: =SUM(F54:F58) -> 0.1992 | G53: =SUM(G54:G58) -> 0.23424113 | H53: =SUM(H54:H58) -> 0.24252743 | I53: =SUM(I54:I58) -> 0.24538543
C54: Pre-Seed Investors | D54: =D33/$D$23 -> 0 | E54: =E33/$E$23 -> 0.09 | F54: =F33/$F$23 -> 0.0792 | G54: =G33/$G$23 -> 0.075734394 | H54: =H33/$H$23 -> 0.074914869 | I54: =I33/$I$23 -> 0.07463221
C55: Seed Investors | D55: =D34/$D$23 -> 0 | E55: =E34/$E$23 -> 0 | F55: =F34/$F$23 -> 0.12 | G55: =G34/$G$23 -> 0.11474908 | H55: =H34/$H$23 -> 0.11350738 | I55: =I34/$I$23 -> 0.11307911
C56: Series A Investors | D56: =D35/$D$23 -> 0 | E56: =E35/$E$23 -> 0 | F56: =F35/$F$23 -> 0 | G56: =G35/$G$23 -> 0.04375765 | H56: =H35/$H$23 -> 0.043284147 | I56: =I35/$I$23 -> 0.043120833
C57: Series B Investors | D57: =D36/$D$23 -> 0 | E57: =E36/$E$23 -> 0 | F57: =F36/$F$23 -> 0 | G57: =G36/$G$23 -> 0 | H57: =H36/$H$23 -> 0.010821037 | I57: =I36/$I$23 -> 0.010780208
C58: Series C Investors | D58: =D37/$D$23 -> 0 | E58: =E37/$E$23 -> 0 | F58: =F37/$F$23 -> 0 | G58: =G37/$G$23 -> 0 | H58: =H37/$H$23 -> 0 | I58: =I37/$I$23 -> 0.0037730728
C60: Stock Option Pool (ESOP) | D60: =D39/D23 -> 0 | E60: =E39/E23 -> 0 | F60: =F39/F23 -> 0 | G60: =G39/G23 -> 0 | H60: =H39/H23 -> 0 | I60: =I39/I23 -> 0
A63: 4 | C63: Valuation
C65: Total | D65: =D67+D74+D81 -> 0 | E65: =E67+E74+E81 -> 1111111.1 | F65: =F67+F74+F81 -> 2500000 | G65: =G67+G74+G81 -> 9141258.7 | H65: =H67+H74+H81 -> 18482517 | I65: =I67+I74+I81 -> 26503596
C67: Founders | D67: =SUM(D68:D72) -> 0 | E67: =SUM(E68:E72) -> 1011111.1 | F67: =SUM(F68:F72) -> 2002000 | G67: =SUM(G68:G72) -> 7000000 | H67: =SUM(H68:H72) -> 14000000 | I67: =SUM(I68:I72) -> 20000000
C68: Founder #1 | E68: =$E$83*E47 -> 202222.22 | F68: =$F$83*F47 -> 400400 | G68: =$G$83*G47 -> 1400000 | H68: =$H$83*H47 -> 2800000 | I68: =$I$83*I47 -> 4000000
C69: Founder #2 | E69: =$E$83*E48 -> 202222.22 | F69: =$F$83*F48 -> 400400 | G69: =$G$83*G48 -> 1400000 | H69: =$H$83*H48 -> 2800000 | I69: =$I$83*I48 -> 4000000
C70: Founder #3 | E70: =$E$83*E49 -> 202222.22 | F70: =$F$83*F49 -> 400400 | G70: =$G$83*G49 -> 1400000 | H70: =$H$83*H49 -> 2800000 | I70: =$I$83*I49 -> 4000000
C71: Founder #4 | E71: =$E$83*E50 -> 202222.22 | F71: =$F$83*F50 -> 400400 | G71: =$G$83*G50 -> 1400000 | H71: =$H$83*H50 -> 2800000 | I71: =$I$83*I50 -> 4000000
C72: Founder #5 | E72: =$E$83*E51 -> 202222.22 | F72: =$F$83*F51 -> 400400 | G72: =$G$83*G51 -> 1400000 | H72: =$H$83*H51 -> 2800000 | I72: =$I$83*I51 -> 4000000
C74: Investors | D74: 0 | E74: =SUM(E75:E79) -> 100000 | F74: =SUM(F75:F79) -> 498000 | G74: =SUM(G75:G79) -> 2141258.7 | H74: =SUM(H75:H79) -> 4482517.5 | I74: =SUM(I75:I79) -> 6503596.4
C75: Pre-Seed Investors | D75: 0 | E75: =E54*$E$83 -> 100000 | F75: =F54*$F$83 -> 198000 | G75: =G54*$G$83 -> 692307.69 | H75: =H54*$H$83 -> 1384615.4 | I75: =I54*$I$83 -> 1978022
C76: Seed Investors | D76: 0 | E76: =E55*$E$83 -> 0 | F76: =F55*$F$83 -> 300000 | G76: =G55*$G$83 -> 1048951 | H76: =H55*$H$83 -> 2097902.1 | I76: =I55*$I$83 -> 2997003
C77: Series A Investors | D77: 0 | E77: =E56*$E$83 -> 0 | F77: =F56*$F$83 -> 0 | G77: =G56*$G$83 -> 400000 | H77: =H56*$H$83 -> 800000 | I77: =I56*$I$83 -> 1142857.1
C78: Series B Investors | D78: 0 | E78: =E57*$E$83 -> 0 | F78: =F57*$F$83 -> 0 | G78: =G57*$G$83 -> 0 | H78: =H57*$H$83 -> 200000 | I78: =I57*$I$83 -> 285714.29
C79: Series C Investors | D79: 0 | E79: =E58*$E$83 -> 0 | F79: =F58*$F$83 -> 0 | G79: =G58*$G$83 -> 0 | H79: =H58*$H$83 -> 0 | I79: =I58*$I$83 -> 100000
C81: Stock Option Pool (ESOP) | D81: 0 | E81: =IF(E83=0,0,E60/$E$83) -> 0 | F81: =IF(F83=0,0,F60/$F$83) -> 0 | G81: =IF(G60=0,0,G60/$G$83) -> 0 | H81: =IF(H83=0,0,H60/$H$83) -> 0 | I81: =IF(I60=0,0,I60/$I$83) -> 0
C83: Post-Money Valuation | D83: =D12 -> 0 | E83: =E12 -> 1111111.1 | F83: =F12 -> 2500000 | G83: =G12 -> 9141258.7 | H83: =H12 -> 18482517 | I83: =I12 -> 26503596
C84: Price per Share | D84: =D83/D23 -> 0 | E84: =E83/E23 -> 1.0111111 | F84: =F83/F23 -> 2.002 | G84: =G83/G23 -> 7 | H84: =H83/H23 -> 14 | I84: =I83/I23 -> 20
C87: EQUITY - Calculations
C88: % Total New Equity | D88: 0 | E88: 0 | F88: 0.21008403 | G88: 0.13043478 | H88: 0.13043478 | I88: 0.11764706
C89: % New Capital | D89: 0 | E89: 0 | F89: 0.14285714 | G89: 0.13043478 | H89: 0.13043478 | I89: 0.11764706
C90: % SAFE Pre-Seed | D90: 0 | E90: 0 | F90: 0.067226891 | G90: 0 | H90: 0 | I90: 0
C91: % SAFE Seed | D91: 0 | E91: 0 | F91: 0 | G91: 0 | H91: 0 | I91: 0
C92: % SAFE Series A | D92: 0 | E92: 0 | F92: 0 | G92: 0 | H92: 0 | I92: 0
C93: % SAFE Series B | D93: 0 | E93: 0 | F93: 0 | G93: 0 | H93: 0 | I93: 0
C95: SAFE - Calculations
C96: Pre-Seed SAFEs | D96: 0 | E96: 0 | F96: 1 | G96: 0 | H96: 0 | I96: 0
C97: Months past | D97: 0 | E97: 0 | F97: 12 | G97: 0 | H97: 0 | I97: 0
C98: Accrued interest | D98: 0 | E98: 0 | F98: 0 | G98: 0 | H98: 0 | I98: 0
C99: Applicable Valuation | D99: 0 | E99: 0 | F99: 5950000 | G99: 0 | H99: 0 | I99: 0
C100: Converting Capital | D100: 0 | E100: 0 | F100: 400000 | G100: 0 | H100: 0 | I100: 0
C102: Seed SAFEs | D102: 0 | E102: 0 | F102: 0 | G102: 0 | H102: 0 | I102: 0
C103: Months past | D103: 0 | E103: 0 | F103: 0 | G103: 0 | H103: 0 | I103: 0
C104: Accrued interest | D104: 0 | E104: 0 | F104: 0 | G104: 0 | H104: 0 | I104: 0
C105: Applicable Valuation | D105: 0 | E105: 0 | F105: 0 | G105: 0 | H105: 0 | I105: 0
C106: Converting Capital | D106: 0 | E106: 0 | F106: 0 | G106: 0 | H106: 0 | I106: 0
C108: Series A SAFEs | D108: 0 | E108: 0 | F108: 0 | G108: 0 | H108: 0 | I108: 0
C109: Months past | D109: 0 | E109: 0 | F109: 0 | G109: 0 | H109: 0 | I109: 0
... C118: Converting Capital | D118: 0 | E118: 0 | F118: 0 | G118: 0 | H118: 0 | I118: 0
